 Dungeon Crawl Stone Soup version 0.31-a0-1-g4198be8af4 (webtiles) character file.

Game seed: 14729712692839610999

11406706 lotum the Archmage (level 27, 292/292 HPs)
             Began as a Naga Conjurer on May 3, 2023.
             Was the Champion of Sif Muna.
             Escaped with the Orb
             ... and 15 runes on May 4, 2023!
             The game lasted 07:28:25 (144094 turns).

lotum the Archmage (Naga Conjurer)                Turns: 144094, Time: 07:28:25

Health: 292/292    AC: 32    Str: 14    XL:     27
Magic:  45/45      EV: 17    Int: 47    God:    Sif Muna [******]
Gold:   12096      SH: 16    Dex:  9    Spells: 4/80 levels left

rFire   + + +        q - staff of earth "Daives" {rF+ Str+4 Int+3}
rCold   + + .        z - +3 buckler {AC+3}
rNeg    + . .        y - +2 robe {Archmagi}
rPois   +            i - -2 hat of the Alchemist {rElec rPois rF+ rC+ rN+ Will+ rMut rCorr}
rElec   +            U - +2 cloak of the Thief {*Fog Slay-2 SInv Stlth+}
rCorr   +            Z - +2 pair of gloves {Stlth+}
SInv    +            a - +4 barding {Stlth+}
Will    ++++.        D - amulet "Adiovvuo" {Reflect rF++ Regen+ MP-9 SH+5}
Stlth   ++++         L - ring of Vudd {rF+ rC+ rCorr Int+6}
HPRegen 1.48/turn    g - ring "Herghyoce" {EV+5 Int+5}
MPRegen 0.29/turn

%: reflection, resist mutation, archmagi
@: studying 2 skills, very slow
A: AC +9, large, see invisible, deformed body, poison resistance, slowness 2,
spit poison 1, naga tail 2, mutation resistance 1, wild magic 1
0: Orb of Zot
}: 15/15 runes: serpentine, barnacled, slimy, silver, golden, iron, obsidian,
icy, bone, abyssal, demonic, glowing, magical, fiery, dark
a: Spit Poison, Renounce Religion, Channel Magic, Forget Spell, Divine Exegesis


You escaped.
You worshipped Sif Muna.
Sif Muna was exalted by your worship.
You visited 18 branches of the dungeon, and saw 87 of its levels.
You visited Pandemonium 1 time, and saw 19 of its levels.
You visited the Abyss 1 time.
You visited 1 bazaar.
You visited 1 ziggurat, and saw 16 of its levels.

You collected 17616 gold pieces.
You spent 5520 gold pieces at shops.

Inventory:

Hand Weapons
 n - the +10 quarterstaff "Ugineb" {drain, rElec Dex+5}
   (You found it on level 4 of the Lair of Beasts)

   Dex:       It affects your dexterity (+5).
   rElec:     It insulates you from electricity.
 N - the +7 morningstar of the Beast {elec, *Slow rN++ Str+4}
   (You found it on level 1 of the Snake Pit)

   Str:       It affects your strength (+4).
   rN:        It greatly protects you from negative energy.
   *Slow:     It may slow you when you take damage.
 Q - the +10 zealot's sword {holy, Zealotry, *Rage rN+ EV+3}
   (You found it on level 3 of the Crypt)

   Zealotry:  Whenever the wielder enters a berserk rage, their allies are
   berserked alongside them.
   EV:        It affects your evasion (+3).
   rN:        It protects you from negative energy.
   *Rage:     It berserks you when you make melee attacks (+20% chance).
Armour
 a - a +4 barding of stealth (worn)
 i - the -2 hat of the Alchemist (worn) {rElec rPois rF+ rC+ rN+ Will+ rMut rCorr}
   (You found it on level 5 of the Pits of Slime)

   rF:        It protects you from fire.
   rC:        It protects you from cold.
   rElec:     It insulates you from electricity.
   rPois:     It protects you from poison.
   rN:        It protects you from negative energy.
   rCorr:     It protects you from acid and corrosion.
   rMut:      It protects you from mutation.
   Will:      It increases your willpower.
 y - a +2 robe of the Archmagi (worn)
 z - a +3 buckler of protection (worn)
 U - the +2 cloak of the Thief (worn) {*Fog Slay-2 SInv Stlth+}
   (You found it on level 2 of the Elven Halls)

   *Fog:      It may release a thick cloud of smoke when the wearer is hurt.
   Slay:      It affects your accuracy & damage with ranged weapons and melee
   (-2).
   SInv:      It lets you see invisible.
   Stlth:     It makes you more stealthy.
 Z - a +2 pair of gloves of stealth (worn)
Magical Staves
 d - the staff of conjuration "Seomaq" {rPois rF- Will+++ Stlth-}
   (You found it on level 3 of the Elven Halls)

   [staff of conjuration]

   Base accuracy: +5 Base damage: 5 Base attack delay: 1.2 This weapon's minimum
   attack delay (0.6) is reached at skill level 12.
   rF:        It makes you vulnerable to fire.
   rPois:     It protects you from poison.
   Will:      It greatly increases your willpower.
   Stlth:     It makes you less stealthy.
   It falls into the 'Staves' category.
   It is a one-handed weapon.
 q - the staff of earth "Daives" (weapon) {rF+ Str+4 Int+3}
   (You found it on level 3 of the Elven Halls)

   [staff of earth]

   Base accuracy: +5 Base damage: 5 Base attack delay: 1.2 This weapon's minimum
   attack delay (0.6) is reached at skill level 12.
   Str:       It affects your strength (+4).
   Int:       It affects your intelligence (+3).
   rF:        It protects you from fire.
   It falls into the 'Staves' category.
   It is a one-handed weapon.
 u - the staff of fire "Wioptets" {rElec rF+}
   (You found it on level 3 of the Tomb of the Ancients)

   [staff of fire]

   Base accuracy: +5 Base damage: 5 Base attack delay: 1.2 This weapon's minimum
   attack delay (0.6) is reached at skill level 12.
   rF:        It protects you from fire.
   rElec:     It insulates you from electricity.
   It falls into the 'Staves' category.
   It is a one-handed weapon.
Jewellery
 g - the ring "Herghyoce" (right hand) {EV+5 Int+5}
   (You found it on level 11 of a ziggurat)

   [ring of evasion]

   EV:        It affects your evasion (+5).
   Int:       It affects your intelligence (+5).
 p - the ring of Amyaxkyq {Wiz rC+}
   (You found it on level 3 of the Elven Halls)

   [ring of wizardry]

   It improves your spell success rate.
   rC:        It protects you from cold.
 r - the ring of Bafuoczi {rN+ MP+9 Int+2 Dex+2}
   (You found it on level 5 of the Vaults)

   [ring of magical power]

   Int:       It affects your intelligence (+2).
   Dex:       It affects your dexterity (+2).
   rN:        It protects you from negative energy.
   MP:        It affects your magic capacity (+9).
 D - the amulet "Adiovvuo" (around neck) {Reflect rF++ Regen+ MP-9 SH+5}
   (You found it on level 3 of the Tomb of the Ancients)

   [amulet of reflection]

   It reflects blocked missile attacks.
   rF:        It greatly protects you from fire.
   MP:        It affects your magic capacity (-9).
   Regen:     It increases your rate of health regeneration.
   SH:        It affects your SH (+5).
 L - the ring of Vudd (left hand) {rF+ rC+ rCorr Int+6}
   (You bought it in a shop on level 12 of the Dungeon)

   [ring of intelligence]

   Int:       It affects your intelligence (+6).
   rF:        It protects you from fire.
   rC:        It protects you from cold.
   rCorr:     It protects you from acid and corrosion.
 O - the ring of Daugyu {EV+5 Dex+4}
   (You found it on level 13 of a ziggurat)

   [ring of evasion]

   EV:        It affects your evasion (+5).
   Dex:       It affects your dexterity (+4).
 V - the ring "Zebyadot" {rF- rN+ Will++ Dex+3}
   (You took it off a yaktaur captain on level 5 of the Vaults)

   [ring of positive energy]

   Dex:       It affects your dexterity (+3).
   rF:        It makes you vulnerable to fire.
   rN:        It protects you from negative energy.
   Will:      It greatly increases your willpower.
 W - an amulet of magic regeneration
 X - the ring of Ephemeral Luck {rF+ rN+ Will+ Int+4 Dex-4 Slay+6}
   (You found it on level 2 of the Realm of Zot)

   [ring of protection from fire]

   Int:       It affects your intelligence (+4).
   Dex:       It affects your dexterity (-4).
   Slay:      It affects your accuracy & damage with ranged weapons and melee
   (+6).
   rF:        It protects you from fire.
   rN:        It protects you from negative energy.
   Will:      It increases your willpower.
Wands
 h - a wand of roots (74)
 k - a wand of digging (30) (quivered)
 s - a wand of mindburst (62)
 E - a wand of flame (226)
 F - a wand of paralysis (87)
 G - a wand of polymorph (43)
 J - a wand of acid (89)
Scrolls
 e - 9 scrolls of magic mapping
 f - 13 scrolls of fear
 o - 14 scrolls of poison
 w - 19 scrolls of amnesia
 x - 23 scrolls of teleportation
 M - 5 scrolls of summoning
 R - 24 scrolls of fog
 S - 13 scrolls of immolation
 Y - 5 scrolls of blinking
Potions
 b - 13 potions of magic
 c - 11 potions of brilliance
 j - 22 potions of haste
 l - 51 potions of curing
 m - 26 potions of mutation
 t - 19 potions of lignification
 v - 21 potions of flight
 A - 17 potions of attraction
 B - 12 potions of cancellation
 C - 11 potions of heal wounds
 H - 10 potions of resistance
 I - 5 potions of ambrosia
 P - 10 potions of might
 T - 4 potions of invisibility
Miscellaneous
 K - a figurine of a ziggurat


   Skills:
 + Level 25.8 Fighting
 - Level 16.0 Armour
 - Level 16.0 Dodging
 - Level 24.0 Stealth
 - Level 18.0 Shields
 O Level 27 Spellcasting
 - Level 23.0 Conjurations
 - Level 18.0 Necromancy
 - Level 12.0 Translocations
 - Level 18.0 Transmutations
 - Level 4.0 Ice Magic
 - Level 23.0 Air Magic
 - Level 26.0 Earth Magic
 - Level 20.0 Invocations


You had 4 spell levels left.
You knew the following spells:

 Your Spells              Type           Power      Damage    Failure   Level
a - Blink                 Tloc           100%       N/A       1%          2
b - Necromutation         Tmut/Necr      83%        N/A       1%          8
c - Stone Arrow           Conj/Erth      100%       3d13      1%          3
d - Iskenderun's Mystic   Conj/Tloc      100%       2d19      1%          4
e - Freezing Cloud        Conj/Ice/Air   81%        6-21      1%          5
f - Passage of Golubria   Tloc           100%       N/A       1%          4
g - Orb of Destruction    Conj           89%        9d19      1%          7
h - Iron Shot             Conj/Erth      100%       9d18      1%          6
i - Lehudib's Crystal Sp  Conj/Erth      100%       10d22     1%          8
j - Statue Form           Tmut/Erth      100%       N/A       1%          6
k - Shatter               Erth           100%       3d71*     1%          9
l - Borgnjor's Vile Clut  Necr/Erth      100%       N/A       1%          5
m - Chain Lightning       Conj/Air       89%        3d118     3%          9

Your spell library contained the following spells:

 Spells                   Type           Power      Damage    Failure   Level
 Apportation              Tloc           100%       N/A       1%          1
 Beastly Appendage        Tmut           100%       N/A       1%          1
 Foxfire                  Conj/Fire      100%       2x1d9     1%          1
 Freeze                   Ice            100%       1d10      1%          1
 Kiss of Death            Conj/Necr      100%       2d13      1%          1
 Magic Dart               Conj           100%       1d8       1%          1
 Necrotise                Necr           100%       1d9       1%          1
 Sandblast                Erth           100%       2d20      1%          1
 Shock                    Conj/Air       100%       1d9       1%          1
 Slow                     Hex            100%       N/A       1%          1
 Sting                    Tmut/Pois      100%       1d8       1%          1
 Summon Small Mammal      Summ           100%       N/A       1%          1
 Call Imp                 Summ           100%       N/A       1%          2
 Cigotuvi's Dreadful Rot  Necr/Pois/Air  100%       N/A       1%          2
 Ensorcelled Hibernation  Hex/Ice        100%       N/A       1%          2
 Lesser Beckoning         Tloc           100%       N/A       1%          2
 Momentum Strike          Conj/Tloc      100%       3d10      1%          2
 Passwall                 Tmut/Erth      100%       N/A       1%          2
 Poisonous Vapours        Pois/Air       100%       N/A       1%          2
 Scorch                   Fire           100%       2d9       1%          2
 Searing Ray              Conj           100%       2d8       1%          2
 Static Discharge         Conj/Air       100%       2-7/arc   1%          2
 Sublimation of Blood     Necr           100%       N/A       1%          2
 Wereblood                Tmut           100%       N/A       1%          2
 Call Canine Familiar     Summ           89%        N/A       1%          3
 Confusing Touch          Hex            89%        N/A       1%          3
 Dazzling Flash           Conj/Hex       100%       N/A       1%          3
 Frozen Ramparts          Ice            100%       1d16      1%          3
 Gell's Gravitas          Tloc           100%       N/A       1%          3
 Hailstorm                Conj/Ice       100%       3d20      1%          3
 Ignite Poison            Fire/Tmut/Pois 100%       N/A       1%          3
 Inner Flame              Hex/Fire       89%        N/A       1%          3
 Mephitic Cloud           Conj/Pois/Air  100%       N/A       1%          3
 Ozocubu's Armour         Ice            100%       N/A       1%          3
 Portal Projectile        Hex/Tloc       100%       N/A       1%          3
 Spider Form              Tmut/Pois      100%       N/A       1%          3
 Summon Guardian Golem    Hex/Summ       89%        N/A       1%          3
 Swiftness                Air            100%       N/A       1%          3
 Teleport Other           Tloc           100%       N/A       1%          3
 Tukima's Dance           Hex            89%        N/A       1%          3
 Vampiric Draining        Necr           100%       2d13      1%          3
 Vhi's Electric Charge    Tloc/Air       100%       N/A       1%          3
 Volatile Blastmotes      Fire/Tloc      100%       2d18      1%          3
 Airstrike                Air            89%        2d(13-29) 1%          4
 Anguish                  Hex/Necr       68%        N/A       1%          4
 Animate Armour           Summ/Erth      100%       N/A       1%          4
 Animate Dead             Necr           100%       N/A       1%          4
 Dispel Undead            Necr           100%       3d31      1%          4
 Flame Wave               Conj/Fire      100%       2d21      1%          4
 Fulminant Prism          Conj/Hex       73%        3d29      1%          4
 Ice Form                 Ice/Tmut       100%       N/A       1%          4
 Leda's Liquefaction      Hex/Erth       89%        N/A       1%          4
 Manifold Assault         Tloc           100%       N/A       1%          4
 Petrify                  Tmut/Erth      100%       N/A       1%          4
 Sticky Flame             Conj/Fire      100%       2d11      1%          4
 Summon Ice Beast         Ice/Summ       100%       N/A       1%          4
 Summon Lightning Spire   Summ/Air       100%       N/A       1%          4
 Cause Fear               Hex            44%        N/A       3%          4
 Olgreb's Toxic Radiance  Pois           89%        N/A       3%          4
 Agony                    Necr           100%       N/A       1%          5
 Alistair's Intoxication  Tmut/Pois      91%        N/A       1%          5
 Arcjolt                  Conj/Air       89%        1d99      1%          5
 Blade Hands              Tmut           83%        N/A       1%          5
 Fireball                 Conj/Fire      73%        3d27      1%          5
 Irradiate                Conj/Tmut      86%        3d40      1%          5
 Iskenderun's Battlesphe  Conj           100%       2d15      1%          5
 Lee's Rapid Deconstruct  Erth           100%       3d44*     1%          5
 Silence                  Hex/Air        73%        N/A       1%          5
 Summon Forest            Summ/Tloc      62%        N/A       1%          5
 Yara's Violent Unravell  Hex/Tmut       68%        3d25      1%          5
 Conjure Ball Lightning   Conj/Air       89%        3x3d33    1%          6
 Death Channel            Necr           83%        N/A       1%          6
 Dispersal                Tloc           74%        N/A       1%          6
 Eringya's Noxious Bog    Tmut/Pois      68%        N/A       1%          6
 Plasma Beam              Fire/Air       73%        2x1d99    1%          6
 Simulacrum               Ice/Necr       72%        N/A       1%          6
 Starburst                Conj/Fire      73%        6d19      1%          6
 Dragon Form              Tmut           83%        N/A       1%          7
 Storm Form               Tmut/Air       86%        N/A       1%          7
 Borgnjor's Revivificati  Necr           83%        N/A       1%          8
 Infestation              Necr           83%        N/A       1%          8
 Maxwell's Capacitive Co  Air            89%        ∞         1%          8
 Spellforged Servitor     Conj/Summ      73%        N/A       3%          7
 Metabolic Englaciation   Hex/Ice        51%        N/A       4%          5
 Haunt                    Necr/Summ      68%        N/A       7%          7
 Summon Mana Viper        Hex/Summ       89%        N/A       10%         5
 Disjunction              Tloc           74%        N/A       14%         8
 Death's Door             Necr           83%        N/A       19%         9
 Malign Gateway           Summ/Tloc      62%        N/A       22%         7
 Summon Cactus Giant      Summ           44%        N/A       41%         6
 Ozocubu's Refrigeration  Ice            57%        4d20      43%         7
 Enfeeble                 Hex            44%        N/A       91%         7
 Monstrous Menagerie      Summ           44%        N/A       91%         7
 Summon Hydra             Summ           44%        N/A       91%         7
 Fire Storm               Conj/Fire      73%        8d19      92%         9
 Discord                  Hex            44%        N/A       100%        8
 Ignition                 Fire           44%        3d13      100%        8
 Summon Horrible Things   Summ           44%        N/A       100%        8
 Dragon's Call            Summ           44%        N/A       100%        9
 Polar Vortex             Ice            57%        N/A       100%        9


Dungeon Overview and Level Annotations

Branches:
Dungeon (15/15)            Temple (1/1) D:7            Lair (5/5) D:8
 Shoals (4/4) Lair:3        Snake (4/4) Lair:2        Slime (5/5) Lair:5
    Orc (2/2) D:11            Elf (3/3) Orc:2        Vaults (5/5) D:14
  Crypt (3/3) Vaults:2       Tomb (3/3) Crypt:3      Depths (4/4) D:15
   Hell (visited)             Dis (7/7) Hell            Geh (7/7) Hell
    Coc (7/7) Hell            Tar (7/7) Hell            Zot (5/5) Depths:4

Altars:
Cheibriados
Dithmenos
Elyvilon
Fedhas
Gozag
Hepliaklqana
Kikubaaqudgha
Makhleb
Nemelex Xobeh
Okawaru
Sif Muna
Trog
Uskayaw
Vehumet
Wu Jian
Xom
Yredelemnul
Zin
Jiyva
Lugonu

Shops:
D:8 *!:[[   D:12 =   Orc:2 *[([   Elf:1 :   Shoals:1 *   Snake:1 =:=
Snake:2 (   Vaults:2 =   Vaults:3 =   Depths:4 [!(

Portals:
Hell: Depths:1 Depths:2 Depths:3 Depths:4
Abyss: Lair:5 Depths:1 Depths:3
Pandemonium: Depths:1 Depths:2 Depths:3
Trove: Vaults:1 (give 2 scrolls of acquirement)

Annotations:
Shoals:1 2 transporters, Veluwn's ghost, journeyman MeWn


Innate Abilities, Weirdness & Mutations

Your serpentine skin is tough. (AC +9)
You have supernaturally acute eyesight. (SInv)
Armour fits poorly on your strangely shaped body.
Your system is resistant to poisons. (rPois)
You cover ground very slowly.
You can spit poison.
You can use your snake-like lower body to constrict enemies.
You are somewhat resistant to further mutation.
Your spells are a little harder to cast, but a little more powerful.


Message History

The crystal spear hits the Hell Sentinel!!!!
You kill the Hell Sentinel!
Sif Muna accepts your kill.
There is a stone staircase leading up here.
You climb upwards.
There is a stone staircase leading down here.
Magic restored.
You feel less invigorated.
There is a stone staircase leading up here.
You climb upwards.
There is a stone staircase leading down here.
There is a stone staircase leading up here.
You climb upwards.
There is a stone staircase leading down here.
There is a stone staircase leading up here.
You climb upwards.
There is a stone staircase leading down here.
There is a stone staircase leading up here.
You climb upwards.
There is a stone staircase leading down here.
There is a stone staircase leading up here.
You climb upwards.
There is a stone staircase leading down here.
There is a stone staircase leading up here.
You climb upwards.
There is a stone staircase leading down here.
You see here a +0 short sword.
A smoke demon comes into view.
You can't go up here!
A smoke demon is nearby!
The smoke demon gestures at you. Something smites you!
There is a stone staircase leading up here.
The smoke demon gestures at you. Something smites you!
You climb upwards.
There is a stone staircase leading down here.
HP restored.
There is a staircase leading out of the dungeon here.
You have escaped!

###### ####################..(.#
........................#
####################....##
≈.##...≈#.#.#...@# #.....#
..##.#.....#..#..# #####.#
≈.##.####≈.#####.# #.##
##..#.#.###.#.#.## #..# ###
##..##.#...#.#.#.# ##.# #..
##....###.####≈#≈# #####.# ###..
.#....####.#.##.## #.....###....
.######..#.#...######............
.#..#...#.#..##....##............


There were no monsters in sight!

Vanquished Creatures
  Cerebov (Pan)
  Antaeus (Coc:7)
  Asmodeus (Geh:7)
  Ignacio (Pan)
  Ereshkigal (Tar:7)
  the Royal Jelly (Slime:5)
  Gloorx Vloq (Pan)
  Mnoleg (Pan)
  Lom Lobon (Pan)
  7 ancient liches
  Dispater (Dis:7)
  9 dread liches
  Mennas (Crypt:3)
  4 orbs of fire (Zot:5)
  4 juggernauts
  The ghost of superbruh the Minotaur Barricade, a master MiMo of the Shining One (Zot:5)
  Vv (Crypt:2)
  Sojobo (Vaults:4)
  Parghit (Depths:4)
  2 Killer Klowns (Zot:5)
  26 royal mummies
  6 shard shrikes
  29 caustic shrikes
  Saint Roka (Crypt:3)
  Vashnia (Snake:3)
  2 curse toes
  Xtahua (Crypt:3)
  Geryon (Hell)
  24 golden dragons
  Jory (Crypt:1)
  Nikola (Snake:1)
  12 profane servitors
  16 pandemonium lords
  23 bone dragons
  the Enchantress (Depths:4)
  24 Tzitzimimeh
  3 electric golems
  14 hellephants
  The ghost of Waeduil the Severer, an adept DsBe of Trog (Elf:3)
  6 doom hounds
  11 iron giants
  20 Brimstone Fiends
  3 spectral shard shrikes
  Rupert (D:14)
  16 Ice Fiends
  Jorgrun (D:14)
  A walking crystal tome (Depths:2)
  Mlioglotl (Snake:4)
  23 Hell Sentinels
  20 tentacled monstrosities
  28 Orb Guardians
  13 liches
  Grunn (Crypt:1)
  Asterion (Snake:2)
  24 tainted leviathans
  7 titans
  20 searing wretches
  3 deep elf blademasters
  2 deep elf master archers (Elf:3)
  6 quicksilver dragons
  17 acid blobs
  11 sphinxes
  11 death cobs
  Murray (Hell)
  Agnes (Snake:1)
  16 tentacled starspawn
  29 ancient champions
  14 shadow dragons
  29 Executioners
  Donald (Slime:5)
  9 tengu reavers
  The ghost of Lott the Acrobat, an adept OpFi of Dithmenos (Elf:3)
  A thorn hunter (Zig:14)
  4 nagarajas (Snake:4)
  12 storm dragons
  14 rockslimes
  3 draconian monks
  7 revenants
  Ilsuiw (Shoals:2)
  Roxanne (Snake:4)
  12 demonspawn warmongers (Pan)
  2 fenstrider witches
  3 deep elf sorcerers
  31 fire giants
  14 azure jellies
  12 iron dragons
  A fire giant (shapeshifter) (Depths:4)
  17 vault wardens
  18 narguns
  70 balrugs
  8 frost giants
  5 draconian scorchers
  17 quicksilver elementals
  Aizul (Snake:2)
  3 caustic shrike zombies
  3 ghost moths
  5 draconian knights
  5 shard shrike simulacra
  Louise (Snake:3)
  18 cacodemons
  7 ghouls (Crypt:3)
  7 draconian shifters
  3 draconian stormcallers
  9 curse skulls
  9 draconian annihilators
  2 orc warlords
  2 spectral caustic shrikes
  A juggernaut zombie (Crypt:3)
  37 very ugly things
  4 spriggan defenders (Depths:4)
  22 ironbound preservers
  5 deep elf elementalists
  30 reapers
  13 demonspawn corrupters (Pan)
  An angel (D:10)
  11 quicksilver oozes
  12 demonspawn blood saints (Pan)
  44 war gargoyles
  2 juggernaut skeletons
  11 ironbound thunderhulks
  8 deep elf demonologists
  7 green draconians
  13 stone giants
  9 demonspawn black suns (Pan)
  15 putrid mouths
  2 spectral titans (Tar:1)
  8 bennus
  38 lorocyprocas
  7 black draconians
  5 vampire knights
  18 elemental wellsprings
  10 wendigos
  4 eleionomae
  12 purple draconians
  4 deep elf annihilators (Elf:3)
  Nessos (D:14)
  12 red draconians
  11 dire elephants
  7 yellow draconians
  4 bunyips
  13 eidola
  7 white draconians
  8 deep elf death magi
  28 iron golems
  A spectral iron giant (Tar:7)
  22 mummy priests
  3 crystal guardians (Dis:4)
  8 ettins
  16 blizzard demons
  9 fire dragons
  Snorg (Lair:3)
  5 deep elf high priests
  8 entropy weavers
  6 spectral spriggans
  2 shambling mangroves
  14 yaktaur captains
  12 merfolk impalers
  20 green deaths
  A spectral quicksilver dragon (Tar:2)
  18 great orbs of eyes
  6 merfolk javelineers
  A hydra (shapeshifter) (Lair:5)
  9 jiangshi
  Josephine (D:15)
  A fenstrider witch zombie (Crypt:3)
  24 salamander tyrants
  2 quicksilver dragon skeletons
  11 ice dragons
  Erolcha (D:9)
  A peacekeeper (Vaults:4)
  8 rakshasas
  11 caustic shrike simulacra
  4 merfolk avatars
  A spriggan skeleton (Crypt:2)
  12 hell beasts
  6 juggernaut simulacra
  2 alligator snapping turtles (Shoals:4)
  3 catoblepae
  14 hydras
  13 anacondas
  3 ogre magi
  6 spriggan air magi
  4 ghost crabs
  30 vault guards
  6 stokers
  12 ironbound frosthearts
  4 boulder beetles
  2 fenstrider witch skeletons (Crypt:2)
  A death knight (Crypt:1)
  24 dancing weapons
  An anaconda (shapeshifter) (Vaults:5)
  20 centaur warriors
  6 merfolk aquamancers
  5 satyrs
  An alligator (Zig:13)
  70 death scarabs
  7 deep troll shamans
  10 thrashing horrors
  2 spectral stone giants
  8 vampire magi
  13 naga warriors
  6 spriggan berserkers
  7 tengu warriors
  8 deep troll earth magi
  35 hell hogs
  20 two-headed ogres
  An orc high priest (Orc:1)
  2 spectral dire elephants
  Urug (D:11)
  4 death yaks
  6 shock serpents
  A titan zombie (Depths:2)
  4 spectral nagas
  An emperor scorpion zombie (Crypt:3)
  13 spriggans
  88 soul eaters
  2 hell knights
  18 crystal echidnas
  14 naga sharpshooters
  215 sun demons
  14 wretched stars
  6 skysharks
  8 shadow wraiths
  35 sixfirhies
  5 fire crabs (Lair:4)
  22 deep elf knights
  27 skeletal warriors
  4 salamander mystics (Snake:4)
  A spark wasp zombie (Depths:1)
  7 iron trolls
  2 spatial maelstroms
  A death drake (shapeshifter) (Elf:2)
  A skyshark (shapeshifter) (Vaults:5)
  3 spectral anacondas
  5 spriggan druids
  4 quicksilver dragon simulacra
  8 swamp dragons
  7 naga ritualists (Snake:4)
  A spectral bunyip (Crypt:2)
  A golden dragon zombie (Depths:1)
  A glowing orange brain (Depths:1)
  A steelbarb worm (shapeshifter) (Vaults:4)
  2 orb spiders (Zot:4)
  A tengu zombie (Depths:2)
  2 anaconda zombies (Hell)
  2 orb spiders (shapeshifter)
  15 sea snakes
  51 deep trolls
  20 harpies
  8 flayed ghosts
  2 spriggan simulacra
  3 bog bodies
  13 shadow demons (Pan)
  An obsidian statue (D:13)
  The ghost of mistaj the Fighter, a novice VSFi of Okawaru (D:8)
  A spectral hydra (Tar:2)
  7 deep elf archers
  31 deep elf pyromancers
  16 wizards
  A bunyip skeleton (Tomb:3)
  3 orange crystal statues
  9 phantasmal warriors
  12 mana vipers
  Pikel (D:9)
  28 deep elf zephyrmancers
  An oklob plant (Lair:3)
  11 lindwurms
  4 orc knights
  20 ironbound convokers
  6 necromancers
  A wolf spider (D:14)
  2 fenstrider witch simulacra (Coc:1)
  17 moths of wrath
  9 orc sorcerers
  A manticore (shapeshifter) (Vaults:3)
  3 spectral ettins
  66 ugly things
  A stone giant zombie (Abyss:1)
  16 manticores
  9 shining eyes
  A will-o-the-wisp (Abyss:1)
  A fire giant zombie (Depths:2)
  2 iron dragon zombies
  A faun (shapeshifter) (Elf:2)
  4 worldbinders
  23 salamanders
  17 fauns
  2 spectral alligator snapping turtles
  3 spectral centaurs
  2 frost giant skeletons
  18 elephants
  10 cyclopes
  41 black mambas
  An eleionoma skeleton (Crypt:2)
  A stone giant skeleton (Hell)
  2 dire elephant zombies
  8 merfolk sirens
  104 smoke demons
  81 demonic crawlers
  13 guardian serpents
  2 fire giant skeletons
  3 ice statues
  7 rust devils
  23 vault sentinels
  14 naga magi
  5 titan simulacra
  Joseph (D:8)
  An alligator snapping turtle zombie (Crypt:2)
  A dire elephant skeleton (Abyss:1)
  5 water nymphs
  3 torpor snails
  3 apocalypse crabs
  4 eyes of devastation
  27 orange demons
  Maggie (D:9)
  A komodo dragon (shapeshifter) (Abyss:3)
  A centaur skeleton (Abyss:2)
  15 molten gargoyles
  4 gargoyles
  2 unseen horrors
  A rime drake (Zig:12)
  Psyche (D:9)
  14 cane toads
  14 yaktaurs
  2 anaconda simulacra
  19 freezing wraiths
  37 hellions
  3 elf skeletons
  An alligator snapping turtle skeleton (Abyss:1)
  24 efreet
  6 tengu conjurers
  A rime drake (shapeshifter) (D:14)
  12 komodo dragons
  10 ice devils
  3 silent spectres
  A bunyip simulacrum (Coc:2)
  11 ancient zymes
  A golden dragon simulacrum (Coc:7)
  6 red devils
  25 tormentors
  38 guardian mummies
  7 spectral harpies
  3 harpy zombies
  A queen bee (shapeshifter) (D:15)
  A yellow draconian skeleton (Crypt:2)
  6 trolls
  40 merfolk
  4 meliai (D:14)
  A tyrant leech (Zig:13)
  A hydra zombie (Hell)
  A tengu simulacrum (Vaults:1)
  23 hellwings
  7 wind drakes
  17 hornets
  3 polar bears
  2 alligator zombies (Hell)
  3 harpy skeletons
  3 hydra skeletons
  A raiju (shapeshifter) (D:14)
  49 blink frogs
  A spectral swamp dragon (Tar:1)
  4 dream sheep
  2 iron dragon simulacra
  A blink frog (shapeshifter) (Elf:2)
  A guardian serpent zombie (Crypt:1)
  13 raiju (Abyss:1)
  A tarantella (Zot:4)
  5 snapping turtles
  Sigmund (D:2)
  Prince Ribbit (D:8)
  A spriggan zombie (Zig:6)
  An ettin zombie (Tomb:2)
  143 slime creatures
  A frost giant simulacrum (Depths:2)
  A jumping spider (shapeshifter) (Vaults:5)
  A stone giant simulacrum (Coc:2)
  7 air elementals
  2 jumping spiders (Zot:4)
  3 shadows
  2 centaur simulacra
  An ettin skeleton (Zig:6)
  2 naga simulacra
  40 small abominations
  35 flying skulls
  12 wraiths
  A yak (shapeshifter) (Elf:2)
  31 ushabtiu
  An orc simulacrum (Crypt:2)
  21 yaks
  2 vampires
  16 humans (D:14)
  6 wyverns
  97 large abominations
  83 ynoxinuls
  35 neqoxecs
  30 water elementals
  5 dire elephant simulacra
  7 basilisks
  3 fire bats (Abyss:3)
  22 vampire mosquitoes
  3 fire elementals
  A steam dragon (D:9)
  23 golden eyes
  5 redbacks
  83 chaos spawn
  3 alligator snapping turtle simulacra
  A spatial vortex (Abyss:3)
  A naga zombie (Crypt:2)
  5 wargs
  An acid dragon (shapeshifter) (Depths:4)
  14 harpy simulacra
  A skyshark zombie (Crypt:2)
  52 nagas
  4 hydra simulacra
  4 acid dragons
  3 floating eyes
  A glowing shapeshifter skeleton (Crypt:2)
  26 water moccasins
  10 hell hounds
  A floating eye (shapeshifter) (Abyss:3)
  28 orc warriors
  3 swamp drakes
  4 ettin simulacra
  3 sky beasts
  2 black bears
  A merfolk simulacrum (Crypt:2)
  4 ogres
  A tengu (shapeshifter) (Vaults:4)
  5 wolves
  28 centaurs
  A lindwurm skeleton (Crypt:2)
  A swamp dragon skeleton (Crypt:2)
  A snapping turtle skeleton (Crypt:2)
  A dream sheep zombie (Crypt:3)
  2 lemures (D:9)
  A draconian zombie (Crypt:3)
  4 kobold brigands
  4 gnoll sergeants
  3 scorpions
  A komodo dragon skeleton (Crypt:2)
  6 bullfrogs
  4 earth elementals (Elf:3)
  A necrophage (Crypt:3)
  A wyvern skeleton (Crypt:1)
  11 wights
  A hornet simulacrum (D:15)
  11 killer bees (D:9)
  A swamp dragon simulacrum (Hell)
  5 howler monkeys
  4 quasits
  A lava snake (D:15)
  2 crimson imps
  6 jellies
  A black bear zombie (Crypt:3)
  17 orc priests
  Crazy Yiuf (D:2)
  4 hounds
  3 iron imps
  39 starcursed masses
  5 iguanas
  2 sleepcaps
  21 orc wizards
  11 hell rats
  A boggart skeleton (Crypt:3)
  A killer bee zombie (Crypt:1)
  A sky beast zombie (Crypt:3)
  An acid dragon skeleton (Crypt:1)
  4 naga skeletons
  69 mummies
  17 gnolls
  10 adders
  9 white imps
  8 ufetubi
  2 worms
  90 orcs
  6 ball pythons
  9 endoplasms
  6 giant cockroaches
  8 hobgoblins
  2 quokkas
  3 training dummies (Snake:2)
  8 bats
  A frilled lizard (D:1)
  14 goblins
  A hobgoblin skeleton (Crypt:1)
  29 kobolds
  7 rats
  A spectral hobgoblin (D:7)
  A ball lightning (Pan)
  4 creeping infernos
  30 fire vortices
  4 lurking horrors
  8 starspawn tentacles
5223 creatures vanquished.

Vanquished Creatures (collateral kills)
  A black mamba (Lair:2)
1 creature vanquished.

Vanquished Creatures (others)
  A Tzitzimitl (Pan)
  A soul eater (Pan)
  A death drake (Zig:14)
  A quicksilver dragon simulacrum (Coc:7)
  A titan simulacrum (Coc:1)
  An iron dragon simulacrum (Coc:7)
  An air elemental (Elf:3)
  A spriggan (Depths:4)
  A harpy simulacrum (Coc:1)
  A small abomination (Abyss:3)
  4 ball lightnings (Pan)
  A creeping inferno (Geh:3)
  A fire vortex (Pan)
  14 fungi
  A lurking horror (Abyss:3)
  93 plants
  27 starspawn tentacles
  6 withered plants (Elf:3)
157 creatures vanquished.

Grand Total: 5381 creatures vanquished

Notes
Turn   | Place    | Note
-------+----------+-------------------------------------------
     0 | D:1      | lotum the Naga Conjurer began the quest for the Orb.
     0 | D:1      | Reached XP level 1. HP: 15/15 MP: 3/3
   267 | D:1      | Reached XP level 2. HP: 22/22 MP: 3/5
   529 | D:1      | Gained mutation: Potions are less effective at restoring
                  | your health. [potion of mutation]
   617 | D:1      | Learned a level 2 spell: Searing Ray
   617 | D:1      | Lost mutation: Potions are less effective at restoring your
                  | health. [potion of mutation]
   617 | D:1      | Gained mutation: You have an increased reservoir of magic.
                  | (+10% MP) [potion of mutation]
   617 | D:1      | Gained mutation: You are partially covered in iridescent
                  | scales. (AC +2) [potion of mutation]
   617 | D:1      | Gained mutation: Your tail ends in a venomous barb. [potion
                  | of mutation]
   617 | D:1      | Gained mutation: You passively dampen the noise of your
                  | surroundings. [potion of mutation]
   722 | D:1      | Reached XP level 3. HP: 28/28 MP: 7/7
  1101 | D:2      | Noticed Sigmund
  1233 | D:2      | Noticed a black bear
  1238 | D:2      | Killed a black bear
  1239 | D:2      | Reached skill level 3 in Spellcasting
  1239 | D:2      | Reached skill level 5 in Conjurations
  1239 | D:2      | Reached XP level 4. HP: 35/36 MP: 2/9
  1239 | D:2      | Reached XP level 5. HP: 40/42 MP: 2/10
  1884 | D:2      | Killed Sigmund
  1885 | D:2      | Reached XP level 6. HP: 43/49 MP: 3/12
  1974 | D:2      | Found a runed translucent door.
  2185 | D:2      | Noticed Crazy Yiuf
  2393 | D:2      | Killed Crazy Yiuf
  2530 | D:3      | Found a shimmering altar of Xom.
  2780 | D:3      | Reached skill level 4 in Spellcasting
  3416 | D:3      | Learned a level 3 spell: Stone Arrow
  3499 | D:4      | Reached XP level 7. HP: 52/55 MP: 5/14
  3501 | D:4      | Reached skill level 1 in Earth Magic
  3646 | D:4      | Found an opulent altar of Gozag.
  3972 | D:4      | Found a bloodstained altar of Trog.
  4523 | D:5      | Entered Level 5 of the Dungeon
  4807 | D:5      | Reached skill level 5 in Spellcasting
  4991 | D:5      | Reached XP level 8. HP: 62/62 MP: 4/17
  5012 | D:5      | Reached skill level 6 in Spellcasting
  5414 | D:6      | Reached skill level 1 in Translocations
  5729 | D:6      | Reached skill level 7 in Spellcasting
  6082 | D:6      | Reached skill level 8 in Spellcasting
  6082 | D:6      | Reached XP level 9. HP: 68/68 MP: 15/23
  6087 | D:6      | Learned a level 4 spell: Iskenderun's Mystic Blast
  6367 | D:6      | Reached skill level 1 in Fighting
  6917 | D:6      | Reached skill level 9 in Spellcasting
  7465 | D:7      | Reached skill level 10 in Spellcasting
  7465 | D:7      | Reached XP level 10. HP: 59/85 MP: 3/26
  7808 | D:7      | Found a staircase to the Ecumenical Temple.
  7817 | Temple   | Entered the Ecumenical Temple
  7870 | Temple   | Became a worshipper of Sif Muna the Loreminder
  7913 | D:7      | Found a hazy altar of Hepliaklqana.
  8156 | D:8      | Found Ysinnom's Armour Shoppe.
  8156 | D:8      | Found Xuixom's Distillery.
  8271 | D:8      | Bought a potion of heal wounds for 80 gold pieces
  8293 | D:8      | Noticed Joseph
  8302 | D:8      | Killed Joseph
  8417 | D:8      | Found Ifajoth's Armour Shoppe.
  8420 | D:8      | Reached skill level 11 in Spellcasting
  8717 | D:8      | Found a staircase to the Lair.
  8846 | D:8      | Found a snail-covered altar of Cheibriados.
  8897 | D:8      | Found a runed translucent gate.
  8898 | D:8      | Found a runed translucent gate.
  8899 | D:8      | Found a runed translucent gate.
  8900 | D:8      | Noticed mistaj's ghost (novice VSFi)
  9078 | D:8      | Found Icse's Book Boutique.
  9170 | D:8      | Noticed Prince Ribbit
  9172 | D:8      | Killed Prince Ribbit
  9173 | D:8      | Reached skill level 5 in Stealth
  9424 | D:8      | Reached * piety under Sif Muna
  9624 | D:8      | Found Fifyat's Assorted Antiques.
  9901 | D:9      | Noticed Psyche
  9952 | D:9      | Noticed Erolcha
  9962 | D:9      | Killed Erolcha
  9978 | D:9      | Killed Psyche
  9999 | D:9      | Noticed Maggie
 10063 | D:9      | Killed Maggie
 10064 | D:9      | Reached XP level 11. HP: 72/92 MP: 13/29
 10461 | D:9      | Reached skill level 12 in Spellcasting
 10790 | D:9      | Noticed Pikel
 10793 | D:9      | Killed Pikel
 10794 | D:9      | Reached skill level 1 in Invocations
 11710 | D:10     | Entered Level 10 of the Dungeon
 11799 | D:10     | Noticed a deep elf pyromancer
 11805 | D:10     | Killed a deep elf pyromancer
 12505 | D:10     | Found a blossoming altar of Fedhas.
 12611 | D:11     | Found an iron altar of Okawaru.
 12779 | D:11     | Noticed Urug
 12789 | D:11     | Killed Urug
 12790 | D:11     | Reached skill level 5 in Invocations
 13127 | D:11     | Noticed a cyclops
 13131 | D:11     | Killed a cyclops
 13165 | D:11     | Found a staircase to the Orcish Mines.
 13167 | D:11     | Noticed a two-headed ogre
 13187 | D:11     | Killed a two-headed ogre
 13570 | D:11     | Reached skill level 13 in Spellcasting
 13579 | D:11     | Reached ** piety under Sif Muna
 13580 | D:11     | Reached XP level 12. HP: 100/100 MP: 15/31
 14247 | D:12     | Reached skill level 5 in Fighting
 14520 | D:12     | Noticed a two-headed ogre
 14525 | D:12     | Killed a two-headed ogre
 14752 | D:12     | Found Faorchedi's Jewellery Shoppe.
 15644 | Lair:1   | Entered Level 1 of the Lair of Beasts
 15759 | D:8      | Bought a book of Vapours for 312 gold pieces
 15816 | Lair:1   | Learned a level 5 spell: Freezing Cloud
 15824 | Lair:1   | Reached skill level 1 in Ice Magic
 15989 | Lair:1   | Reached skill level 10 in Conjurations
 16352 | Lair:1   | Noticed an eight-headed hydra
 16358 | Lair:1   | Killed an eight-headed hydra
 16359 | Lair:1   | Reached skill level 1 in Air Magic
 17449 | Lair:2   | Gained mutation: You can use your snake-like lower body to
                  | constrict enemies. [Naga growth]
 17449 | Lair:2   | Reached XP level 13. HP: 105/109 MP: 17/33
 17675 | Lair:2   | Found a staircase to the Snake Pit.
 17681 | Lair:2   | Reached skill level 5 in Translocations
 17683 | Lair:2   | Reached *** piety under Sif Muna
 17949 | Lair:2   | Learned a level 4 spell: Passage of Golubria
 19701 | Lair:3   | Noticed Snorg
 19726 | Lair:3   | Killed Snorg
 19895 | Lair:3   | Found a staircase to the Shoals.
 20722 | Lair:4   | Reached **** piety under Sif Muna
 20787 | Lair:4   | Got Awakened Knowledge, Part One
 21282 | Lair:4   | Found a runed translucent door.
 21398 | Lair:4   | Noticed an entropy weaver
 21447 | Lair:4   | Killed an entropy weaver
 21448 | Lair:4   | Reached skill level 14 in Spellcasting
 21795 | Lair:4   | Reached XP level 14. HP: 112/117 MP: 22/35
 22216 | Lair:4   | Reached skill level 10 in Invocations
 22345 | Lair:4   | Identified the +10 quarterstaff "Ugineb" {drain, rElec
                  | Dex+5}
 22572 | D:8      | Bought a +1 robe of the Archmagi for 523 gold pieces
 22694 | Orc:1    | Entered Level 1 of the Orcish Mines
 22900 | Orc:2    | Entered Level 2 of the Orcish Mines
 22941 | Orc:2    | Found Zeje's General Store.
 23315 | Orc:2    | Found Cohiz's Armour Emporium.
 23764 | Orc:2    | Found a staircase to the Elven Halls.
 24395 | Orc:2    | Noticed an orc warlord
 24407 | Orc:2    | Killed an orc warlord
 24600 | Orc:2    | Found Caepn's Antique Weapon Boutique.
 24634 | Orc:2    | Found Ruask's Antique Armour Shop.
 24658 | Orc:2    | Reached ***** piety under Sif Muna
 24844 | Orc:2    | Bought a +0 barding for 345 gold pieces
 25044 | Snake:1  | Entered Level 1 of the Snake Pit
 25050 | Snake:1  | Identified the +7 morningstar of the Beast {elec, *Slow
                  | rN++ Str+4}
 25272 | Snake:1  | Noticed Agnes
 25283 | Snake:1  | Killed Agnes
 25555 | Snake:1  | Noticed Nikola
 25816 | Snake:1  | Found Meinov's Jewellery Boutique.
 25977 | Snake:1  | Found Toah Zih's Book Shoppe.
 25978 | Snake:1  | Found Eqisifeu's Jewellery Boutique.
 25991 | Snake:1  | Bought an amulet of magic regeneration for 330 gold pieces
 26166 | Snake:1  | Killed Nikola
 26241 | Snake:1  | Reached skill level 10 in Stealth
 26842 | Snake:1  | Learned a level 7 spell: Orb of Destruction
 27201 | Snake:2  | Found Touvis's Firing Range.
 27256 | Snake:2  | Received a gift from Sif Muna
 27257 | Snake:2  | Got Heisheef's Parchment of the Wendigo {god gift}
 27344 | Snake:2  | Reached XP level 15. HP: 126/126 MP: 30/36
 27378 | Snake:2  | Noticed Asterion
 27384 | Snake:2  | Noticed a balrug
 27385 | Snake:2  | Reached skill level 15 in Conjurations
 27411 | Snake:2  | Killed Asterion
 28598 | Snake:2  | Noticed Aizul
 28608 | Snake:2  | Killed Aizul
 28811 | Snake:2  | Reached skill level 15 in Spellcasting
 29071 | Snake:3  | Noticed Louise
 29092 | Snake:3  | Killed Louise
 29469 | Snake:3  | Reached skill level 5 in Dodging
 29687 | Snake:3  | Noticed Vashnia
 30208 | Snake:3  | Killed Vashnia
 30249 | Snake:3  | Received a gift from Sif Muna
 30250 | Snake:3  | Got Sif Muna's Cyclopedia of the Impact {god gift}
 30474 | Snake:3  | Learned a level 6 spell: Iron Shot
 31041 | Snake:3  | Reached skill level 5 in Earth Magic
 31432 | Snake:3  | Reached XP level 16. HP: 138/138 MP: 29/38
 31676 | Snake:4  | Entered Level 4 of the Snake Pit
 32114 | Snake:4  | Noticed Mlioglotl
 32124 | Snake:4  | Noticed a tentacled monstrosity
 32125 | Snake:4  | Killed Mlioglotl
 32170 | Snake:4  | Reached skill level 10 in Earth Magic
 32181 | Snake:4  | HP: 4/138 [constriction (3)]
 32186 | Snake:4  | Noticed a nagaraja
 32875 | Snake:4  | Noticed a nagaraja
 32880 | Snake:4  | Killed a nagaraja
 33059 | Snake:4  | Received a gift from Sif Muna
 33060 | Snake:4  | Got Sif Muna's Notes on the Vector and Concussion {god
                  | gift}
 33127 | Snake:4  | Noticed Roxanne
 33136 | Snake:4  | Killed Roxanne
 33160 | Snake:4  | Reached skill level 16 in Spellcasting
 33362 | Snake:4  | Noticed a nagaraja
 33370 | Snake:4  | Killed a nagaraja
 33389 | Snake:4  | Killed a nagaraja
 33834 | Snake:4  | Got a serpentine rune of Zot
 33863 | Snake:4  | Noticed a nagaraja
 33866 | Snake:4  | Reached XP level 17. HP: 110/150 MP: 27/40
 34383 | Shoals:1 | Entered Level 1 of the Shoals
 34437 | Shoals:1 | Got the Atlas of Corruption
 34468 | Shoals:1 | Found a transporter.
 34519 | Shoals:1 | Found a transporter.
 34522 | Shoals:1 | Noticed Veluwn's ghost (journeyman MeWn)
 35254 | Shoals:1 | Found Abath's Overcharged Wands.
 35976 | Shoals:2 | Identified a scroll of acquirement
 35989 | Shoals:2 | Acquired 314 gold pieces
 36085 | Shoals:2 | Noticed Ilsuiw
 36104 | Shoals:2 | Killed Ilsuiw
 37242 | Shoals:3 | Identified the +1 pair of gloves of a Gauntlet {rPois Will+
                  | Str+8 Dex-4}
 37449 | Shoals:3 | Learned a level 8 spell: Lehudib's Crystal Spear
 37450 | Shoals:4 | Entered Level 4 of the Shoals
 37769 | Shoals:4 | Found the +7 lajatang of Order {silver, rMut}
 38056 | Shoals:4 | Reached XP level 18. HP: 158/158 MP: 25/41
 38163 | Shoals:4 | Received a gift from Sif Muna
 38329 | Shoals:4 | Identified the ring "Zastrup" {rPois SInv}
 38395 | Shoals:4 | Identified the +4 ring mail of the Wumpus {+Inv Int+5
                  | Slay+4}
 38652 | Shoals:4 | Got a barnacled rune of Zot
 39098 | D:12     | Bought the ring of Vudd {rF+ rC+ rCorr Int+6} for 813 gold
                  | pieces
 39183 | D:8      | Bought a potion of curing for 48 gold pieces
 39183 | D:8      | Bought 2 potions of invisibility for 256 gold pieces
 39978 | Elf:1    | Entered Level 1 of the Elven Halls
 40160 | Elf:1    | Noticed an Ice Fiend
 40221 | Elf:1    | Reached skill level 15 in Earth Magic
 40514 | Elf:1    | Paralysed by an air elemental for 1 turns
 40758 | Elf:1    | Received a gift from Sif Muna
 40802 | Elf:1    | Got Sif Muna's Vellum of the Quantum Jinx {god gift}
 40806 | Elf:1    | Learned a level 2 spell: Blink
 40953 | Elf:1    | Found Payssoge's Book Shoppe.
 41169 | Elf:2    | Found the +2 cloak of the Thief {*Fog Slay-2 SInv Stlth+}
 41469 | Elf:2    | Found a runed translucent gate.
 41469 | Elf:2    | Found a runed translucent gate.
 41475 | Elf:2    | Found a runed translucent gate.
 41536 | Elf:2    | Reached skill level 17 in Spellcasting
 41547 | Elf:2    | Paralysed by an air elemental for 1 turns
 42090 | Elf:2    | Noticed a deep elf blademaster
 42092 | Elf:2    | Killed a deep elf blademaster
 42129 | Elf:2    | Reached skill level 10 in Fighting
 42196 | Elf:2    | Reached skill level 1 in Armour
 42196 | Elf:2    | Reached XP level 19. HP: 168/168 MP: 37/44
 42647 | Elf:3    | Entered Level 3 of the Elven Halls
 42827 | Elf:3    | Reached skill level 5 in Armour
 43068 | Elf:3    | Received a gift from Sif Muna
 43096 | Elf:3    | Got the Reference Book on Causimancy
 43103 | Elf:3    | Got Sif Muna's Guide on Aeromancy
 43114 | Elf:3    | Got the Parchment of Rime
 43170 | Elf:3    | Found a runed translucent gate.
 43170 | Elf:3    | Found a runed translucent gate.
 43170 | Elf:3    | Found a runed translucent gate.
 43170 | Elf:3    | Noticed Lott's ghost (adept OpFi)
 43171 | Elf:3    | Noticed Waeduil's ghost (adept DsBe)
 43588 | Elf:3    | Noticed a Tzitzimitl
 43723 | Elf:3    | Identified the +4 hand axe of Caongavi {vamp, rF+}
 43723 | Elf:3    | Identified the ring "Moobbod" {rF+ Str+2}
 43864 | Elf:3    | Identified the staff of cold "Ytouq" {rC+ Will+}
 43869 | Elf:3    | Identified the staff of earth "Daives" {rF+ Str+4 Int+3}
 43876 | Elf:3    | Identified the staff of death "Lyankato" {rN+ Int+4}
 43879 | Elf:3    | Identified the staff of conjuration "Seomaq" {rPois rF-
                  | Will+++ Stlth-}
 44909 | Elf:3    | Found the brooch of Shielding {Spirit SH+8}
 45187 | Elf:3    | Identified the staff of cold "Plog" {rC+ Int+3}
 45204 | Elf:3    | Got the Treatise on the Shot
 45214 | Elf:3    | Identified the +0 cloak "Zecuq" {rCorr Str+4}
 45216 | Elf:3    | Identified the +6 sling of Wibon {freeze, Int+7 Dex+6}
 45221 | Elf:3    | Got the Catalogue of the Metallic Welkin
 45224 | Elf:3    | Identified the ring of Amyaxkyq {Wiz rC+}
 45275 | Elf:3    | Identified the +2 great sword "Jecryacu" {drain, Stlth+}
 45298 | Elf:3    | Identified the +12 shortbow of Vuacialu {freeze, +Blink
                  | Dex+4}
 46559 | D:13     | Received a gift from Sif Muna
 46560 | D:13     | Got Sif Muna's Volume of the Feathery Geologist {god gift}
 47258 | D:14     | Noticed Rupert
 47258 | D:14     | Found a gate to the Vaults.
 47263 | D:14     | Killed Rupert
 47264 | D:14     | Reached skill level 18 in Spellcasting
 47344 | D:14     | Reached XP level 20. HP: 156/176 MP: 18/46
 47838 | D:14     | Received a gift from Sif Muna
 48794 | D:15     | Entered Level 15 of the Dungeon
 48920 | D:15     | Received a gift from Sif Muna
 48921 | D:15     | Got Sif Muna's Textbook on the Hazy Familiar {god gift}
 49356 | D:15     | Noticed Josephine
 49360 | D:15     | Killed Josephine
 49723 | D:15     | Found a staircase to the Depths.
 49991 | D:14     | Found a snail-covered altar of Cheibriados.
 50086 | D:14     | Noticed Nessos
 50097 | D:14     | Killed Nessos
 50245 | D:14     | Noticed Jorgrun
 50251 | D:14     | Killed Jorgrun
 50465 | Vaults:1 | Entered Level 1 of the Vaults
 50621 | Vaults:1 | Found a portal to a secret trove of treasure.
 50787 | Vaults:1 | Received a gift from Sif Muna
 51726 | Vaults:1 | Reached XP level 21. HP: 144/183 MP: 15/47
 52416 | Vaults:2 | Found Tiaxzaep's Jewellery Shoppe.
 52466 | Vaults:2 | Received a gift from Sif Muna
 53258 | Vaults:2 | Found a staircase to the Crypt.
 54231 | Vaults:2 | Reached skill level 10 in Translocations
 54477 | Vaults:2 | Learned a level 6 spell: Statue Form
 54617 | Vaults:3 | Identified the +9 shortbow of the Doomed Warrior
                  | {antimagic, Fly rF+ rC+ Will+}
 54811 | Vaults:3 | Received a gift from Sif Muna
 54812 | Vaults:3 | Got Sif Muna's Catalogue of Twisted Heat {god gift}
 55179 | Vaults:3 | Identified the +0 chain mail of the Iron Devil {rC+ SInv}
 55204 | Vaults:3 | You fall into a shaft and drop 1 floor!
 55330 | Vaults:4 | Noticed Sojobo
 55345 | Vaults:4 | Killed Sojobo
 55869 | Vaults:3 | Reached XP level 22. HP: 190/190 MP: 42/48
 56523 | Vaults:3 | Found Fieqorragoc's Jewellery Shoppe.
 57078 | Vaults:4 | Learned a level 9 spell: Shatter
 57596 | Vaults:4 | Paralysed by a sphinx for 5 turns
 57646 | Vaults:4 | Noticed an ancient lich
 57656 | Vaults:4 | Killed an ancient lich
 58762 | Depths:1 | Entered Level 1 of the Depths
 58792 | Depths:1 | Received a gift from Sif Muna
 58851 | Depths:1 | Got Sif Muna's Spellbook of the Retinue {god gift}
 58858 | Depths:1 | Found a flickering gateway to a bazaar.
 58874 | Bazaar   | Entered a bazaar
 58874 | Bazaar   | Found Molaumah's Antique Armour Shop.
 58919 | Bazaar   | Found Tuacehuw's Distillery.
 58923 | Bazaar   | Found Leshriqamo's Antique Armour Shoppe.
 58960 | Bazaar   | Found Jeics's Assorted Antiques.
 58968 | Bazaar   | Found Idasidue's Jewellery Boutique.
 58984 | Bazaar   | Bought a potion of invisibility for 248 gold pieces
 58984 | Bazaar   | Bought a potion of heal wounds for 155 gold pieces
 58984 | Bazaar   | Bought a scroll of teleportation for 93 gold pieces
 59000 | Bazaar   | Bought 2 potions of heal wounds for 140 gold pieces
 59000 | Bazaar   | Bought a potion of curing for 42 gold pieces
 59000 | Bazaar   | Bought a potion of curing for 42 gold pieces
 59000 | Bazaar   | Bought a potion of magic for 112 gold pieces
 59000 | Bazaar   | Bought a potion of heal wounds for 70 gold pieces
 59000 | Bazaar   | Bought a potion of curing for 42 gold pieces
 59000 | Bazaar   | Bought a potion of heal wounds for 70 gold pieces
 59089 | Depths:1 | Found a one-way gate leading to the halls of Pandemonium.
 59219 | Depths:1 | Found a one-way gate to the infinite horrors of the Abyss.
 59293 | Depths:1 | Found a gateway to Hell.
 59651 | Depths:1 | Found a bloodstained altar of Trog.
 60135 | Depths:2 | Reached skill level 19 in Spellcasting
 60143 | Depths:2 | Reached skill level 1 in Shields
 60365 | Depths:2 | Reached XP level 23. HP: 198/198 MP: 33/50
 60492 | Depths:2 | Identified the +0 hand axe "Faerrish" {holy, Dex+2}
 60887 | Depths:2 | Found a one-way gateway to a ziggurat.
 60887 | Depths:2 | Noticed a dread lich
 60890 | Depths:2 | Reached skill level 5 in Shields
 61073 | Depths:2 | Killed a dread lich
 61368 | Depths:3 | Received a gift from Sif Muna
 61409 | Depths:3 | Got Sif Muna's Quarto of Floating Locality {god gift}
 61732 | Depths:3 | Noticed a golden dragon
 61734 | Depths:3 | Killed a golden dragon
 61821 | Depths:3 | Noticed a juggernaut
 61830 | Depths:3 | Killed a juggernaut
 61958 | Depths:3 | Noticed a golden dragon
 61965 | Depths:3 | Killed a golden dragon
 62225 | Depths:3 | Identified the ring "Pugerghix" {rN+ Int+3}
 62251 | Depths:3 | Identified the +1 chain mail "Lupnor" {-Tele Str+2 Stlth+}
 62663 | Depths:3 | Reached skill level 10 in Shields
 63216 | Depths:4 | Entered Level 4 of the Depths
 63228 | Depths:4 | Found a shadowy altar of Dithmenos.
 63294 | Depths:4 | Found Nege's Weapon Shoppe.
 63296 | Depths:4 | Found Hirretz's Distillery.
 63299 | Depths:4 | Found Ekhlank's Armour Shoppe.
 63317 | Depths:4 | Bought a potion of heal wounds for 70 gold pieces
 63317 | Depths:4 | Bought a potion of mutation for 112 gold pieces
 63317 | Depths:4 | Bought a potion of heal wounds for 70 gold pieces
 63694 | Depths:4 | Noticed Parghit
 63698 | Depths:4 | Killed Parghit
 63919 | Depths:4 | Received a gift from Sif Muna
 63922 | Depths:4 | Got Sif Muna's Secret History of the Archmage {god gift}
 64019 | Depths:4 | Reached XP level 24. HP: 195/206 MP: 2/50
 64181 | Depths:4 | Found a gate to the Realm of Zot.
 64532 | Depths:4 | Noticed the Enchantress
 64545 | Depths:4 | Killed the Enchantress
 64857 | Depths:4 | Identified the +0 leather armour of the Bagpipe {rF- rN+
                  | MP+9 Int+7}
 65100 | Depths:4 | Learned a level 5 spell: Borgnjor's Vile Clutch
 65475 | Vaults:5 | Entered Level 5 of the Vaults
 65477 | Vaults:5 | Received a gift from Sif Muna
 65478 | Vaults:5 | Got Sif Muna's Guide on Relocation and Rot {god gift}
 65551 | Vaults:5 | Reached skill level 20 in Spellcasting
 66095 | Vaults:5 | Identified the ring "Zebyadot" {rF- rN+ Will++ Dex+3}
 66496 | Vaults:5 | Reached XP level 25. HP: 186/225 MP: 2/51
 66549 | Vaults:5 | Identified the ring "Mubexukki" {rPois rF+ Str+3 Int+3
                  | SInv}
 66701 | Vaults:5 | Got a silver rune of Zot
 66761 | Vaults:5 | Received a gift from Sif Muna
 67739 | Vaults:5 | Identified the amulet of Ymu Ozxeluutt {rElec Regen+ Str+6
                  | Int+6}
 67740 | Vaults:5 | Identified the ring of Bafuoczi {rN+ MP+9 Int+2 Dex+2}
 67745 | Vaults:5 | Identified the staff of poison "Viedan" {+Blink rPois}
 68151 | D:8      | Bought a scroll of enchant armour for 217 gold pieces
 68190 | D:8      | Bought 3 potions of curing for 144 gold pieces
 68228 | D:8      | Bought a potion of curing for 87 gold pieces
 68228 | D:8      | Bought a potion of curing for 87 gold pieces
 68228 | D:8      | Bought a potion of brilliance for 116 gold pieces
 68536 | Zot:1    | Entered Level 1 of the Realm of Zot
 68903 | Zot:1    | Reached skill level 10 in Dodging
 70083 | Zot:2    | Identified the ring of Ephemeral Luck {rF+ rN+ Will+ Int+4
                  | Dex-4 Slay+6}
 70364 | Zot:2    | Reached skill level 10 in Armour
 70630 | Zot:2    | Received a gift from Sif Muna
 70631 | Zot:2    | Got Sif Muna's Commentary on Mortuary Fulmination {god
                  | gift}
 72138 | Zot:4    | Reached XP level 26. HP: 228/237 MP: 20/51
 72510 | Zot:4    | Reached skill level 15 in Stealth
 72545 | Zot:4    | Received a gift from Sif Muna
 72625 | Zot:4    | Got Sif Muna's Codex of Overcast Virulence {god gift}
 72743 | Zot:4    | Identified the +8 chain mail of Yredelemnul's Esteem
                  | {Regen+ Int+4 Dex+2}
 73159 | Zot:5    | Entered Level 5 of the Realm of Zot
 73190 | Zot:5    | Noticed superbruh's ghost (master MiMo)
 73190 | Zot:5    | Found a runed translucent door.
 73974 | Zot:5    | Noticed a Killer Klown
 73977 | Zot:5    | Killed a Killer Klown
 73998 | Zot:5    | Noticed an orb of fire
 73998 | Zot:5    | Lost mutation: You have an increased reservoir of magic.
                  | (+10% MP) [an orb of fire]
 74000 | Zot:5    | Gained mutation: You occasionally shout uncontrollably at
                  | your foes. [an orb of fire]
 74001 | Zot:5    | Killed an orb of fire
 74007 | Zot:5    | Noticed an ancient lich
 74017 | Zot:5    | Killed an ancient lich
 74258 | Zot:5    | Lost mutation: You are partially covered in iridescent
                  | scales. (AC +2) [potion of mutation]
 74258 | Zot:5    | Lost mutation: Your tail ends in a venomous barb. [potion
                  | of mutation]
 74258 | Zot:5    | Gained mutation: You are strong-willed. (Will+) [potion of
                  | mutation]
 74258 | Zot:5    | Lost mutation: You occasionally shout uncontrollably at
                  | your foes. [potion of mutation]
 74258 | Zot:5    | Gained mutation: You are robust. (+10% HP) [potion of
                  | mutation]
 74493 | Zot:5    | Noticed a Killer Klown
 74493 | Zot:5    | Noticed an orb of fire
 74493 | Zot:5    | Noticed an orb of fire
 74499 | Zot:5    | Noticed an ancient lich
 74500 | Zot:5    | Killed an orb of fire
 74502 | Zot:5    | Noticed a dread lich
 74503 | Zot:5    | Lost mutation: You are robust. (+10% HP) [an orb of fire]
 74503 | Zot:5    | Noticed an orb of fire
 74504 | Zot:5    | Killed an ancient lich
 74504 | Zot:5    | Killed a dread lich
 74504 | Zot:5    | Killed a Killer Klown
 74505 | Zot:5    | Gained mutation: You are clumsy. (Dex -2) [an orb of fire]
 74505 | Zot:5    | Gained mutation: You are frail. (-10% HP) [an orb of fire]
 74507 | Zot:5    | Lost mutation: You are clumsy. (Dex -2) [an orb of fire]
 74507 | Zot:5    | Gained mutation: You have hidden genetic defects. [an orb
                  | of fire]
 74766 | Zot:5    | Killed an orb of fire
 74826 | Zot:5    | Lost mutation: You are frail. (-10% HP) [potion of
                  | mutation]
 74826 | Zot:5    | Lost mutation: You passively dampen the noise of your
                  | surroundings. [potion of mutation]
 74826 | Zot:5    | Lost mutation: You are strong-willed. (Will+) [potion of
                  | mutation]
 74826 | Zot:5    | Gained mutation: You are clumsy. (Dex -2) [potion of
                  | mutation]
 74826 | Zot:5    | Gained mutation: You passively map a small area around you.
                  | [potion of mutation]
 74827 | Zot:5    | Lost mutation: You passively map a small area around you.
                  | [potion of mutation]
 74827 | Zot:5    | Lost mutation: You have hidden genetic defects. [potion of
                  | mutation]
 74827 | Zot:5    | Lost mutation: You are clumsy. (Dex -2) [potion of
                  | mutation]
 74827 | Zot:5    | Gained mutation: You are somewhat resistant to further
                  | mutation. [potion of mutation]
 74827 | Zot:5    | Gained mutation: Your spells are a little harder to cast,
                  | but a little more powerful. [potion of mutation]
 74944 | Zot:5    | Noticed a dread lich
 74948 | Zot:5    | Killed a dread lich
 75095 | Zot:5    | Killed superbruh's ghost
 75096 | Zot:5    | Reached XP level 27. HP: 244/244 MP: 19/47
 75362 | Zot:5    | Killed an orb of fire
 75868 | D:8      | Killed mistaj's ghost
 76143 | Elf:3    | Killed Waeduil's ghost
 76145 | Elf:3    | Killed Lott's ghost
 76302 | Elf:1    | Bought a Necronomicon for 896 gold pieces
 76585 | Depths:1 | Voluntarily entered the Abyss.
 76609 | Abyss:1  | Found a corrupted altar of Lugonu.
 76615 | Abyss:1  | Found a corrupted altar of Lugonu.
 76770 | Abyss:1  | Reached skill level 21 in Spellcasting
 76786 | Abyss:1  | Reached skill level 1 in Necromancy
 76851 | Abyss:1  | Paralysed by accursed screaming for 1 turns
 76856 | Abyss:1  | Received a gift from Sif Muna
 76940 | Abyss:1  | Paralysed by accursed screaming for 1 turns
 76944 | Abyss:1  | Paralysed by accursed screaming for 2 turns
 77582 | Abyss:1  | Reached skill level 5 in Necromancy
 78060 | Abyss:1  | Received a gift from Sif Muna
 78625 | Abyss:2  | Reached skill level 1 in Transmutations
 79176 | Abyss:3  | Received a gift from Sif Muna
 79262 | Abyss:3  | Found a corrupted altar of Lugonu.
 79277 | Abyss:3  | Found a corrupted altar of Lugonu.
 79277 | Abyss:3  | Found a corrupted altar of Lugonu.
 79289 | Abyss:3  | Reached skill level 5 in Transmutations
 79376 | Abyss:3  | Found a corrupted altar of Lugonu.
 79560 | Abyss:3  | Received a gift from Sif Muna
 79572 | Abyss:3  | Got an abyssal rune of Zot
 80156 | Abyss:3  | Noticed an ancient lich
 80183 | Abyss:3  | Killed an ancient lich
 80238 | Depths:1 | Escaped the Abyss
 80389 | Depths:1 | Learned a level 8 spell: Necromutation
 80743 | Lair:5   | Entered Level 5 of the Lair of Beasts
 80960 | Lair:5   | Found a staircase to the Slime Pits.
 80969 | Lair:5   | Found a viscous altar of Jiyva.
 81220 | Lair:5   | Received a gift from Sif Muna
 82317 | Lair:5   | Found a corrupted altar of Lugonu.
 82876 | Slime:1  | Entered Level 1 of the Pits of Slime
 82925 | Slime:1  | Reached skill level 10 in Necromancy
 84811 | Slime:5  | Entered Level 5 of the Pits of Slime
 85338 | Slime:5  | Reached ****** piety under Sif Muna
 85446 | Slime:5  | Noticed Donald
 85452 | Slime:5  | Killed Donald
 85541 | Slime:5  | Found a viscous altar of Jiyva.
 85541 | Slime:5  | Noticed the Royal Jelly
 85654 | Slime:5  | Killed the Royal Jelly
 86275 | Slime:5  | Identified the staff of poison "Qyablos" {rPois MP+9}
 86278 | Slime:5  | Found the -2 hat of the Alchemist {rElec rPois rF+ rC+ rN+
                  | Will+ rMut rCorr}
 86284 | Slime:5  | Identified the +0 great sword of Tartarus {venom, rPois}
 86301 | Slime:5  | Identified the +2 arbalest of the Hawk {speed, Drain +Blink
                  | rC- Dex+6}
 86334 | Slime:5  | Identified the ring of Offon {Ice +Blink Str+3}
 86358 | Slime:5  | Got a slimy rune of Zot
 86365 | Slime:5  | Identified the +5 morningstar of Fate {heavy, rCorr Str+2}
 87017 | Crypt:1  | Entered Level 1 of the Crypt
 87150 | Crypt:1  | Noticed Grunn
 87157 | Crypt:1  | Killed Grunn
 87535 | Crypt:1  | Reached skill level 10 in Transmutations
 87605 | Crypt:1  | Noticed Jory
 87609 | Crypt:1  | Killed Jory
 88230 | Crypt:1  | Found a basalt altar of Yredelemnul.
 88432 | Crypt:2  | Noticed Vv
 88494 | Crypt:2  | Killed Vv
 88769 | Crypt:2  | Found an ancient bone altar of Kikubaaqudgha.
 88776 | Crypt:2  | Identified the staff of poison "Giciquc" {rPois Int+4}
 89488 | Crypt:3  | Entered Level 3 of the Crypt
 89664 | Crypt:3  | Identified the +0 hand axe "Avuecree" {freeze, Str+2}
 89813 | Crypt:3  | Found a staircase to the Tomb.
 89838 | Crypt:3  | Noticed Mennas
 89897 | Crypt:3  | Identified the ring "Zisilemu" {rN+ Will+ rCorr}
 90178 | Crypt:3  | Identified the ring of Moral Flaws {rN+ Will+}
 90185 | Crypt:3  | Noticed Xtahua
 90188 | Crypt:3  | Killed Xtahua
 90191 | Crypt:3  | Reached skill level 15 in Necromancy
 90197 | Crypt:3  | Noticed a dread lich
 90200 | Crypt:3  | Killed a dread lich
 90303 | Crypt:3  | Reached skill level 15 in Transmutations
 90311 | Crypt:3  | Killed Mennas
 90695 | Crypt:3  | Found the +10 zealot's sword {holy, Zealotry, *Rage rN+
                  | EV+3}
 90704 | Crypt:3  | Identified the +10 fire dragon scales "Qiumen" {rF++ rC-
                  | Int+2 Dex+2 SInv}
 90710 | Crypt:3  | Identified the amulet "Jahi Cea" {Fly rN+ Will- Regen+}
 90801 | Crypt:3  | Noticed Saint Roka
 90806 | Crypt:3  | Killed Saint Roka
 90927 | Tomb:1   | Entered Level 1 of the Tomb of the Ancients
 90980 | Tomb:1   | Noticed a royal mummy
 90983 | Tomb:1   | Killed a royal mummy
 90986 | Tomb:1   | Noticed a royal mummy
 90992 | Tomb:1   | Killed a royal mummy
 90995 | Tomb:1   | Noticed a royal mummy
 90999 | Tomb:1   | Killed a royal mummy
 90999 | Tomb:1   | Noticed a royal mummy
 91002 | Tomb:1   | Noticed a royal mummy
 91006 | Tomb:1   | Killed a royal mummy
 91010 | Tomb:1   | Killed a royal mummy
 91662 | Tomb:1   | Noticed a royal mummy
 91665 | Tomb:1   | Noticed a royal mummy
 91666 | Tomb:1   | Killed a royal mummy
 91669 | Tomb:1   | Killed a royal mummy
 92607 | Tomb:1   | Noticed a royal mummy
 92614 | Tomb:1   | Killed a royal mummy
 92709 | Tomb:1   | Noticed a royal mummy
 92715 | Tomb:1   | Noticed a royal mummy
 92717 | Tomb:1   | Killed a royal mummy
 92717 | Tomb:1   | Noticed a royal mummy
 92717 | Tomb:1   | Noticed a royal mummy
 92721 | Tomb:1   | Killed a royal mummy
 92724 | Tomb:1   | Killed a royal mummy
 92733 | Tomb:1   | Killed a royal mummy
 93655 | Tomb:2   | Noticed a royal mummy
 93655 | Tomb:2   | Noticed a royal mummy
 93655 | Tomb:2   | Noticed a royal mummy
 93655 | Tomb:2   | Noticed a royal mummy
 93656 | Tomb:2   | Noticed a royal mummy
 93659 | Tomb:2   | Killed a royal mummy
 93659 | Tomb:2   | Killed a royal mummy
 93659 | Tomb:2   | Killed a royal mummy
 93660 | Tomb:2   | Killed a royal mummy
 93661 | Tomb:2   | Killed a royal mummy
 94200 | Tomb:3   | Entered Level 3 of the Tomb of the Ancients
 94223 | Tomb:3   | Noticed a royal mummy
 94225 | Tomb:3   | Noticed a royal mummy
 94225 | Tomb:3   | Noticed a royal mummy
 94225 | Tomb:3   | Noticed a royal mummy
 94225 | Tomb:3   | Noticed a royal mummy
 94225 | Tomb:3   | Noticed a royal mummy
 94226 | Tomb:3   | Killed a royal mummy
 94227 | Tomb:3   | Killed a royal mummy
 94227 | Tomb:3   | Killed a royal mummy
 94227 | Tomb:3   | Killed a royal mummy
 94228 | Tomb:3   | Killed a royal mummy
 94228 | Tomb:3   | Noticed a royal mummy
 94228 | Tomb:3   | Noticed a royal mummy
 94230 | Tomb:3   | Noticed a royal mummy
 94231 | Tomb:3   | Killed a royal mummy
 94232 | Tomb:3   | Killed a royal mummy
 94233 | Tomb:3   | Killed a royal mummy
 94233 | Tomb:3   | Killed a royal mummy
 94234 | Tomb:3   | Reached skill level 15 in Fighting
 94392 | Tomb:3   | Identified the +5 quarterstaff of the Big Bang {heavy,
                  | rElec Stlth+}
 94429 | Tomb:3   | Identified the ring of Reumecij {rC+ rN+ Str+3}
 94562 | Tomb:3   | Identified the staff of fire "Wioptets" {rElec rF+}
 94565 | Tomb:3   | Identified the +8 dagger of Emunot {heavy, rN+ Will+ Int+3}
 94567 | Tomb:3   | Identified the staff of conjuration "Siguoc" {Dex+4}
 94568 | Tomb:3   | Identified the +4 lajatang of Qoucs {drain, Fragile Str+3
                  | SInv}
 94569 | Tomb:3   | Identified the amulet "Adiovvuo" {Reflect rF++ Regen+ MP-9
                  | SH+5}
 94587 | Tomb:3   | Identified the +2 barding of Fedhas's Felicitations
                  | {Rampage Str+2 Int+3}
 94599 | Tomb:3   | Identified the +2 ring mail of Undesirable Species {Dex+3}
 94655 | Tomb:3   | Got a golden rune of Zot
 95384 | Zig:1    | Entered Level 1 of a ziggurat
 95384 | Zig:1    | Noticed Cineefiy the pandemonium lord
 95386 | Zig:1    | Killed Cineefiy the pandemonium lord
 95482 | Zig:2    | Entered Level 2 of a ziggurat
 95531 | Zig:3    | Entered Level 3 of a ziggurat
 95622 | Zig:3    | Identified the staff of death "Esus" {Fragile rC+ rN+
                  | Int+4}
 95623 | Zig:3    | Identified the +5 morningstar "Usiesaur" {heavy, rCorr
                  | Str+4 Stlth+}
 95626 | Zig:3    | Identified the +10 pearl dragon scales of Wrong Decisions
                  | {rElec rPois rN+ Int+4 Dex+2}
 95631 | Zig:4    | Entered Level 4 of a ziggurat
 95632 | Zig:4    | Noticed Seibb the pandemonium lord
 95641 | Zig:4    | Killed Seibb the pandemonium lord
 95820 | Zig:4    | Reached skill level 15 in Invocations
 95821 | Zig:4    | Identified the staff of conjuration "Seipuhaloo" {Dex+2
                  | Stlth+}
 95825 | Zig:5    | Entered Level 5 of a ziggurat
 95827 | Zig:5    | Noticed Qoatuc the pandemonium lord
 95842 | Zig:5    | Killed Qoatuc the pandemonium lord
 95993 | Zig:6    | Entered Level 6 of a ziggurat
 96119 | Zig:6    | Identified the +6 broad axe of Reodgh {freeze, rF- rN++
                  | Dex+5}
 96123 | Zig:7    | Entered Level 7 of a ziggurat
 96214 | Zig:8    | Entered Level 8 of a ziggurat
 96270 | Zig:8    | Identified the +1 hand axe of Undoing {freeze, rPois
                  | Stlth+}
 96271 | Zig:8    | Identified the staff of conjuration "Buvy" {rN+ rCorr
                  | Dex+4}
 96276 | Zig:8    | Identified the +2 hand axe "Giantbane" {venom, Int+3}
 96304 | Zig:9    | Entered Level 9 of a ziggurat
 96477 | Zig:9    | Identified the +0 chain mail of Xegi {Stlth+}
 96509 | Zig:10   | Entered Level 10 of a ziggurat
 96518 | Zig:10   | Found the +9 scales of the Dragon King {rPois rF+ rC+
                  | Will+}
 96653 | Zig:10   | Identified the +7 glaive of the Arena {heavy, Drain rF++
                  | Str+3}
 96657 | Zig:10   | Reached skill level 22 in Spellcasting
 96699 | Zig:11   | Entered Level 11 of a ziggurat
 96708 | Zig:11   | Noticed a dread lich
 96711 | Zig:11   | Killed a dread lich
 96875 | Zig:11   | Identified the staff of conjuration "Fiuckor" {rCorr}
 96878 | Zig:11   | Identified the +6 flail of the Wizarding Rat {flame, rCorr}
 96879 | Zig:11   | Identified the ring "Herghyoce" {EV+5 Int+5}
 96896 | Zig:11   | Identified the +0 leather armour "Kiecoqetz" {rPois Regen+}
 96931 | Zig:12   | Entered Level 12 of a ziggurat
 97065 | Zig:12   | Identified the ring of Heresy {Will+ Str+3 Dex+6}
 97084 | Zig:12   | Identified the +2 rapier of Imminent Death {heavy, rElec
                  | Str-4 Dex+9 SInv}
 97128 | Zig:13   | Entered Level 13 of a ziggurat
 97334 | Zig:13   | Identified the ring of Daugyu {EV+5 Dex+4}
 97362 | Zig:14   | Entered Level 14 of a ziggurat
 97530 | Zig:14   | Found the +2 Maxwell's thermic engine {flame, freeze, rev}
 97544 | Zig:14   | Identified the +2 leather armour "Togedgh" {Int+4}
 97607 | Zig:15   | Entered Level 15 of a ziggurat
 97748 | Zig:15   | Identified the +1 buckler of the Blue Hot Ocelot {Fly
                  | Str+3}
 97749 | Zig:15   | Identified the +7 chain mail "Mehev" {rPois rN+ Dex-2
                  | Stlth+}
 97819 | Zig:16   | Entered Level 16 of a ziggurat
 97836 | Zig:16   | Found the +8 storm bow {elec, penet}
 98022 | Zig:16   | Identified the staff of earth "Koavovva" {*Slow rF+ Str+5
                  | Dex+3}
 98024 | Zig:16   | Identified the staff of air "Saqis" {rElec rPois Stlth+}
 98147 | Pan      | Entered Pandemonium
 98163 | Pan      | Noticed Ogousch the pandemonium lord
100818 | Pan      | Killed Ogousch the pandemonium lord
101022 | Pan      | Noticed Acwocw the pandemonium lord
101029 | Pan      | Killed Acwocw the pandemonium lord
103220 | Pan      | Reached skill level 5 in Air Magic
103885 | Pan      | Entered the realm of Cerebov.
103896 | Pan      | Identified the +9 halberd "Vukunuk" {holy, Fragile rF+ rN+}
104779 | Pan      | Identified the +4 flail of the Everdark {flame, *Noise
                  | rElec Dex+4 SInv}
105057 | Pan      | Reached skill level 10 in Air Magic
105340 | Pan      | Identified the ring "Ymmeat" {rF+ Slay+3}
105342 | Pan      | Identified the ring of the Sky {rElec rF- Will+++ MP-9
                  | EV+5}
105388 | Pan      | Identified the amulet "Fiseas" {Acrobat *Slow rN+ Str+4}
105659 | Pan      | Found the +6 sword of Cerebov {flame}
105659 | Pan      | Noticed Cerebov
105687 | Pan      | Killed Cerebov
105688 | Pan      | Reached skill level 23 in Spellcasting
105760 | Pan      | Identified the staff of cold "Xurokomp" {Drain rC+ rCorr
                  | Int+4}
105858 | Pan      | Got a fiery rune of Zot
106040 | Pan      | Entered the realm of Gloorx Vloq.
106040 | Pan      | Noticed Gloorx Vloq
106044 | Pan      | Killed Gloorx Vloq
106055 | Pan      | Got a dark rune of Zot
106329 | Pan      | Noticed Ignacio
106334 | Pan      | Killed Ignacio
106587 | Pan      | Reached skill level 24 in Spellcasting
107724 | Pan      | Noticed Vasoss the pandemonium lord
107865 | Pan      | Identified the +6 scale mail "Cuemy" {Will+ Str+5}
107961 | Pan      | Killed Vasoss the pandemonium lord
109854 | Pan      | Reached skill level 25 in Spellcasting
111283 | Pan      | Noticed Burrody the pandemonium lord
111293 | Pan      | Killed Burrody the pandemonium lord
112838 | Pan      | Noticed Alelungirch the pandemonium lord
112861 | Pan      | Killed Alelungirch the pandemonium lord
113530 | Pan      | Found an exit through the horrors of the Abyss.
114318 | Pan      | Reached skill level 15 in Air Magic
114823 | Pan      | Found an ancient bone altar of Kikubaaqudgha.
115019 | Pan      | Noticed Jyhozohi the pandemonium lord
115026 | Pan      | Killed Jyhozohi the pandemonium lord
115760 | Pan      | Identified the +5 war axe of Bloody Death {antimagic, Int+2
                  | Dex+5}
116260 | Pan      | Noticed Yfeaw the pandemonium lord
116262 | Pan      | Killed Yfeaw the pandemonium lord
116707 | Pan      | Found an exit through the horrors of the Abyss.
119278 | Pan      | Noticed Guat the pandemonium lord
119286 | Pan      | Killed Guat the pandemonium lord
120204 | Pan      | Learned a level 9 spell: Chain Lightning
121480 | Pan      | Found an exit through the horrors of the Abyss.
121492 | Pan      | Noticed Unuumnat the pandemonium lord
121497 | Pan      | Killed Unuumnat the pandemonium lord
121625 | Pan      | Identified the staff of poison "Xungiv" {rPois rC+++ Int+4}
123268 | Pan      | Noticed Meros the pandemonium lord
123280 | Pan      | Killed Meros the pandemonium lord
123590 | Pan      | Identified the +5 great sword of Qaduywn {elec, *Slow Str+4
                  | Dex+3}
123634 | Pan      | Got a demonic rune of Zot
125198 | Pan      | Noticed Qunirexap the pandemonium lord
125204 | Pan      | Killed Qunirexap the pandemonium lord
126133 | Pan      | Noticed Gurphoff the pandemonium lord
126137 | Pan      | Killed Gurphoff the pandemonium lord
126560 | Pan      | Entered the realm of Mnoleg.
127162 | Pan      | Noticed Mnoleg
127167 | Pan      | Killed Mnoleg
127185 | Pan      | Got a glowing rune of Zot
127714 | Pan      | Entered the realm of Lom Lobon.
127975 | Pan      | Noticed Lom Lobon
127985 | Pan      | Killed Lom Lobon
128230 | Pan      | Got a magical rune of Zot
128314 | Pan      | Found an exit through the horrors of the Abyss.
128458 | Pan      | Noticed Amus the pandemonium lord
128467 | Depths:1 | Escaped Pandemonium
128468 | Depths:1 | Killed Amus the pandemonium lord
128604 | Hell     | Entered the Vestibule of Hell
128604 | Hell     | Noticed Geryon
128605 | Hell     | Noticed Murray
128607 | Hell     | Killed Geryon
128609 | Hell     | Killed Murray
129620 | Hell     | Found a gateway to the decaying netherworld of Tartarus.
129630 | Hell     | Reached skill level 15 in Shields
129761 | Hell     | Found a gateway to the freezing wastes of Cocytus.
130209 | Hell     | Found a gateway to the Iron City of Dis.
130284 | Hell     | Found a gateway to the ashen valley of Gehenna.
130554 | Dis:1    | Entered Level 1 of the Iron City of Dis
130555 | Dis:1    | You fall into a shaft and drop 1 floor!
131366 | Dis:4    | Noticed a dread lich
131370 | Dis:4    | Killed a dread lich
132249 | Dis:6    | Reached skill level 15 in Dodging
132511 | Dis:7    | Entered Level 7 of the Iron City of Dis
132730 | Dis:7    | Noticed a juggernaut
132737 | Dis:7    | Killed a juggernaut
132791 | Dis:7    | Reached skill level 15 in Armour
133235 | Dis:7    | Noticed a juggernaut
133239 | Dis:7    | Killed a juggernaut
133279 | Dis:7    | Noticed a juggernaut
133285 | Dis:7    | Killed a juggernaut
134265 | Dis:7    | Noticed Dispater
134273 | Dis:7    | Killed Dispater
134299 | Dis:7    | Identified the staff of fire "Kiastod" {rF+ Str+3 Dex+2}
134301 | Dis:7    | Got an iron rune of Zot
134435 | Geh:1    | Entered Level 1 of Gehenna
134451 | Geh:1    | Reached skill level 26 in Spellcasting
136176 | Geh:6    | Noticed a dread lich
136180 | Geh:6    | Killed a dread lich
136300 | Geh:7    | Entered Level 7 of Gehenna
136934 | Geh:7    | Identified the +1 leather armour of Light {+Inv rC+ rN++
                  | Dex-4}
137343 | Geh:7    | Found the +13 sceptre of Asmodeus
137343 | Geh:7    | Noticed Asmodeus
137350 | Geh:7    | Killed Asmodeus
137484 | Geh:7    | Got an obsidian rune of Zot
137613 | Tar:1    | Entered Level 1 of Tartarus
139392 | Tar:4    | Noticed an ancient lich
139397 | Tar:4    | Killed an ancient lich
140464 | Tar:7    | Entered Level 7 of Tartarus
140464 | Tar:7    | Noticed a dread lich
140466 | Tar:7    | Noticed an ancient lich
140469 | Tar:7    | Killed a dread lich
140470 | Tar:7    | Reached skill level 27 in Spellcasting
140471 | Tar:7    | Killed an ancient lich
140481 | Tar:7    | Noticed a dread lich
140490 | Tar:7    | Killed a dread lich
140493 | Tar:7    | Noticed an ancient lich
140500 | Tar:7    | Killed an ancient lich
141361 | Tar:7    | Noticed Ereshkigal
141400 | Tar:7    | Paralysed by Ereshkigal for 5 turns
141451 | Tar:7    | Killed Ereshkigal
141608 | Tar:7    | Got a bone rune of Zot
141670 | Coc:1    | Entered Level 1 of Cocytus
142439 | Coc:3    | You fall into a shaft and drop 2 floors!
142623 | Coc:7    | Entered Level 7 of Cocytus
142931 | Coc:7    | Identified the +6 broad axe "Goblinslayer" {heavy, +Blink
                  | rCorr}
143020 | Coc:7    | Noticed Antaeus
143032 | Coc:7    | Killed Antaeus
143068 | Coc:7    | Identified the staff of death "Ystosm" {*Corrode rN+ Str+5
                  | Int+3}
143070 | Coc:7    | Got an icy rune of Zot
143071 | Coc:7    | Identified the +5 war axe of Massacring {holy, Will+ Int+3}
143552 | Zot:5    | Got the Orb of Zot
143728 | Depths:3 | Noticed Sameg the pandemonium lord
144094 | D:$      | Escaped with the Orb!

Illustrated notes

Levels and vault maps discovered:
D:1:      dpeg_arrival_brainrot, layout_basic, chequers_serial_rivers_micro_a
D:2:      layout_basic, minmay_misc_feat_four_crosses, uniq_sigmund,
          uniq_crazy_yiuf_cottage
D:3:      layout_rooms, mainiacjoe_overflow_catwalk, serial_curves,
          eino_curves_03, eino_curves_04, eino_curves_03, serial_park_tiny_pond
D:4:      layout_loops_ring, nicolae_gozag_seed_capital,
          mainiacjoe_overflow_concentric_impassable
D:5:      layout_gridville
D:6:      layout_loops_ring, minmay_ogre_servants
D:7:      layout_basic, nicolae_hepliaklqana_monster_ancestors, temple_fountains
D:8:      layout_basic, slow_altar_2, david_lair_shrubbed,
          gammafunk_ghost_spectres, serial_shops, shop_fountains,
          nicolae_book_shop_shelving, shop, kennysheep_mini_moat, shop,
          hangedman_decor_points, hangedman_decor_peaks_small, uniq_joseph,
          uniq_prince_ribbit1
D:9:      layout_basic, minmay_fractal_squares_gapless_5, uniq_erolcha,
          uniq_maggie, uniq_pikel, uniq_psyche
D:10:     layout_roguey, mainiacjoe_overflow_boulevard
D:11:     layout_loops_ring, david_orc_2, okawaru_ov_weapons_minmay, uniq_urug
D:12:     layout_basic, serial_shops, nicolae_shop_stone
D:13:     minmay_statue_hallways, layout_grid_maze,
          nrook_guardian_serpent_double
D:14:     nzn_winding_woodlands_huge [nzn_winding_woodlands_5x15_crooked,
          nzn_winding_woodlands_5x15_sidewinder,
          nzn_winding_woodlands_5x15_default,
          nzn_winding_woodlands_5x15_pathside_ponds,
          nzn_winding_woodlands_5x15_longhouse, nzn_winding_woodlands_5x15_pool,
          nzn_winding_woodlands_5x15_zeroes, nzn_winding_woodlands_5x15_eye,
          nzn_winding_woodlands_5x15_sawtooth,
          nzn_winding_woodlands_5x15_concentric,
          nzn_winding_woodlands_center_triple_pond,
          nzn_winding_woodlands_center_lodge,
          nzn_winding_woodlands_15x15_five_gardens], layout_rooms,
          david_vaults_3, lemuel_round_altar, chequers_serial_rivers_small_3,
          uniq_jorgrun, uniq_nessos
D:15:     hangedman_depths_entry_try_elsewhere_first, layout_basic,
          minmay_crystal_room, nicolae_lava_and_water, nrook_campfire,
          uniq_josephine
Temple:   kb_temple_of_zot
Lair:1:   layout_loops_ring, pond
Lair:2:   layout_cave_shapes, minmay_snake_entry_six_corridors,
          grunt_forest_small_clearing_treed, lemuel_fruit_tree
Lair:3:   layout_regular_city, shoals_dummy_entry, st_stairs_6, uniq_snorg
Lair:4:   gammafunk_mikee_crab_dinner, layout_concentric_octagons
Lair:5:   hellmonk_lair_end_abyssal_woods, layout_gridlike,
          nicolae_slime_entry_field_trip, uniq_rupert
Shoals:1: layout_shoals, gammafunk_ghost_berserking_beasts,
          nicolae_shop_overcharged_wands
Shoals:2: layout_shoals, uniq_ilsuiw
Shoals:3: layout_shoals
Shoals:4: shoals_end_grunt_ice, layout_shoals
Snake:1:  nicolae_snake_unarmed_stairs_patrol, layout_grid_shapes,
          minmay_shop_grove, uniq_agnes, uniq_nikola
Snake:2:  layout_grid_maze, st_stairs_9, nicolae_snake_gridmaze_squiggle,
          nicolae_shop_firing_range, uniq_aizul, uniq_asterion
Snake:3:  layout_grid_maze, uniq_vashnia, uniq_louise
Snake:4:  johnstein_snake_rune_scales, layout_concentric_octagons,
          uniq_mlioglotl, uniq_roxanne
Slime:1:  layout_caves
Slime:2:  layout_caves
Slime:3:  layout_caves
Slime:4:  layout_caves
Slime:5:  uniq_donald
Orc:1:    layout_caves, guppyfry_orc_lava_fort
Orc:2:    grunt_orc_community_town_hall, layout_caves,
          grunt_orc_community_big_house_1, grunt_orc_community_big_house_2,
          grunt_orc_community_house_1, grunt_orc_community_house_3,
          grunt_orc_community_house_3, grunt_orc_community_house_3,
          grunt_orc_community_house_3
Elf:1:    layout_gridlike, serial_shops, nicolae_book_shop_shelving,
          minmay_elf_crystal_hexagon, hangedman_elf_represent
Elf:2:    elven_hall_of_blades_hangedman_original [mumra_blade_entry_dagger],
          layout_loops_corners, portal_desolation_entry_ruin
Elf:3:    elf_hall_gauntlet_wide, layout_rooms, gammafunk_ghost_cemetery,
          serial_sigils_hangedman_gut, nicolae_concentric_dashed_squares_mild,
          nicolae_elf_elemental_lessons
Vaults:1: hangedman_vaults_pinch, nicolae_vaults_branching_niches, v_pattern_4,
          dpeg_vaults_monster_box, layout_vaults_omnigrid, enter_trove_6
Vaults:2: v_rooms_1, v_misc_30, vaults_room_boxed,
          nicolae_vaults_storage_closets_3, vaults_room_pools,
          vaults_mumra_hexcomb, vaults_room_fours, layout_vaults_chaotic_city,
          serial_shops, shop
Vaults:3: v_misc_15, nicolae_vaults_triangles, v_alt_pattern_3,
          nicolae_vaults_shipping_containers_4,
          nicolae_vaults_closet_pinwheel_3, grunt_vaults_bifocal,
          nicolae_vaults_closet_pinwheel_6, ontoclasm_vaults_ring_square,
          v_misc_9, ontoclasm_vaults_eye, nicolae_vaults_rhombus_5,
          layout_vaults_omnicross, serial_shops,
          nicolae_shop_temple_entry_statues_fountains
Vaults:4: grunt_vaults_swirl, hangedman_vaults_nodes, grunt_vaults_trifunnel,
          nicolae_vaults_disjoint_gnomons, nicolae_vaults_minivaults,
          nicolae_vaults_shrinking_rooms_2, nicolae_vaults_mitosis,
          vaults_room_octagon, vaults_room_semicircle, nicolae_vaults_diamond_2,
          v_misc_8, layout_vaults_maze, uniq_sojobo
Vaults:5: serial_shops
Crypt:1:  layout_gridlike, grunt_megastairs_1, lemuel_upstairs_altar, uniq_jory,
          uniq_grunn
Crypt:2:  lemuel_vampire_tower, layout_chaotic_city, uniq_vv
Crypt:3:  david_glass_crypt, layout_chaotic_city,
          nicolae_tomb_entry_unfolded_pyramid_orthogonal,
          nicolae_crypt_twisting_catacombs, uniq_mennas, uniq_saint_roka,
          uniq_xtahua
Tomb:1
Tomb:2
Tomb:3
Depths:1: layout_cross, rand_demon_pan_entry_5, amcnicky_mini_pool_small,
          abyss_entry, serial_shops, bzr_entry_gold, grunt_hell_entry_dis_mu,
          evilmike_spriggan_trog_shrine
Depths:2: minmay_the_grid_four_pointed_star
          [minmay_the_grid_triangle_9x9_minimal,
          minmay_the_grid_triangle_9x9_limited_checkers,
          minmay_the_grid_triangle_9x9_zippers_horizontal,
          minmay_the_grid_triangle_9x9_empty,
          minmay_the_grid_prize_shrinking_boxes], layout_gridville,
          enter_ziggurat_d, chequers_serial_rivers_micro_e,
          rand_demon_pan_entry_3, hell_entry
Depths:3: minmay_nine_rooms, layout_honeycomb, hangedman_geh_valley,
          rand_demon_pan_entry_8, abyss_entry, reono_crystal_passage,
          hangedman_decor_clover_reticule, feat_on_display, serial_bayou_shore_b
Depths:4: evilmike_zot_entry_round, layout_gridlike, hell_entry,
          nicolae_dithmenos_shadow_blocks, minivault_16, serial_bayou_shore_a,
          minmay_shop_star, uniq_parghit, uniq_enchantress, uniq_margery
Hell
Dis:1:    layout_gridville, nicolae_dis_emergency_hatch
Dis:2:    layout_gridville, nicolae_dis_strange_trophy_room
Dis:3:    layout_jigsaw
Dis:4:    layout_jigsaw, nicolae_dis_distal_crystal
Dis:5:    layout_jigsaw
Dis:6:    layout_subdivisions, glass_columns_c, nicolae_dis_grated_feature
Dis:7:    dis_grunt_layers
Geh:1:    layout_gehenna_pools_triple
Geh:2:    layout_gehenna_pools_box
Geh:3:    layout_gehenna_lava_caves
Geh:4:    layout_gehenna_pools_basic, nicolae_geh_lavax
Geh:5:    layout_gehenna_pools_basic, nicolae_geh_lava_lounge
Geh:6:    layout_gehenna_lava_caves
Geh:7:    geh_hangedman
Coc:1:    layout_ice_bergs
Coc:2:    layout_ice_bergs
Coc:3:    layout_ice_bergs
Coc:5:    layout_cocytus_delve
Coc:6:    layout_cocytus_water_paths
Coc:7:    coc_mu
Tar:1:    layout_honeycomb
Tar:2:    layout_grid_maze
Tar:3:    nicolae_tar_tart_auras, layout_cathedral_of_symmetry
Tar:4:    layout_catacombs, evilmike_ambush [evilmike_ambush_outer_basic,
          evilmike_ambush_inner_basic]
Tar:5:    layout_grid_maze
Tar:6:    layout_honeycomb
Tar:7:    tar_grunt, tar_grunt_ereshkigal, tar_grunt_big_loot,
          tar_grunt_small_loot, tar_grunt_small_loot, tar_grunt_small_loot,
          tar_grunt_decor_1, tar_grunt_decor_3, tar_grunt_small_decor_pillar,
          tar_grunt_decor_octagon_7, tar_grunt_decor_3,
          tar_grunt_small_decor_pillar, tar_grunt_decor_cross_diag,
          nicolae_tar_cuneiform_bird, tar_grunt_small_decor_pillar,
          tar_grunt_small_decor_pillar, tar_grunt_small_decor_pillar,
          tar_grunt_decor_3, tar_grunt_small_decor_pillar,
          nicolae_tar_cuneiform_two, tar_grunt_small_decor_pillar
Zot:1:    kennysheep_spiral_hall, layout_twisted_circle
Zot:2:    layout_onion_interference, lemuel_elevator
Zot:3:    layout_misc_corridors
Zot:4:    layout_misc_corridors, st_single_dragon_hoard_1,
          st_small_dragon_hoard_2, st_small_dragon_hoard_3,
          hangedman_spider_trapstep
Zot:5:    layout_basic, hellmonk_ghost_happy_afterlife

Skill      XL: |  1  2  3  4  5  6  7  8  9 10 11 12 13 14 15 16 17 18 19 20 21 22 23 24 25 26 27 |
---------------+----------------------------------------------------------------------------------+-----
Spellcasting   | 3 4 5 8 10 11 13 14 15 16 17 18 19 20 27 | 27.0
Conjurations   | 5 6 7 8 9 10 12 14 15 17 18 23 | 23.0
Earth Magic    | 3 6 10 12 15 17 18 21 22 25 26 | 26.0
Translocations | 3 6 10 12 | 12.0
Fighting       | 4 5 6 7 9 10 13 14 25 | 25.8
Stealth        | 7 8 10 11 13 15 24 | 24.0
Invocations    | 7 9 10 11 14 20 | 20.0
Ice Magic      | 4 |  4.0
Air Magic      | 4 23 | 23.0
Dodging        | 4 5 6 8 10 16 | 16.0
Armour         | 1 6 8 10 16 | 16.0
Shields        | 2 12 18 | 18.0
Necromancy     | 18 | 18.0
Transmutations | 18 | 18.0

Action                     |  1- 3 |  4- 6 |  7- 9 | 10-12 | 13-15 | 16-18 | 19-21 | 22-24 | 25-27 || total
---------------------------+-------+-------+-------+-------+-------+-------+-------+-------+-------++-------
  Melee: Unarmed           |     5 |       |       |       |       |       |       |       |       ||     5
         Short sword       |    30 |     8 |       |       |       |       |       |       |       ||    38
         Dagger            |       |       |     1 |       |    17 |       |       |       |       ||    18
         Staff             |       |       |     8 |    25 |    18 |     4 |    25 |    31 |   993 ||  1104
         Constrict         |       |       |       |       |     9 |     1 |     4 |     4 |   176 ||   194
         Punch             |       |       |       |       |     1 |       |     3 |     1 |       ||     5
         Demon trident     |       |       |       |       |       |       |     7 |       |       ||     7
   Cast: Magic Dart        |    41 |    81 |    30 |    25 |    19 |    15 |       |       |       ||   211
         Searing Ray       |     1 |    12 |    12 |    10 |       |     3 |       |       |       ||    38
         Stone Arrow       |       |       |    82 |   267 |   555 |    57 |    20 |    17 |   109 ||  1107
         Iskenderun's Myst |       |       |     3 |    17 |    37 |    34 |    33 |    28 |    57 ||   209
         Freezing Cloud    |       |       |       |     2 |    33 |    33 |    13 |     5 |     2 ||    88
         Passage of Golubr |       |       |       |       |    13 |     6 |     2 |       |    11 ||    32
         Orb of Destructio |       |       |       |       |    22 |    89 |    18 |    19 |     4 ||   152
         Iron Shot         |       |       |       |       |    12 |   335 |   522 |   381 |  2246 ||  3496
         Blink             |       |       |       |       |       |     2 |       |       |    19 ||    21
         Lehudib's Crystal |       |       |       |       |       |     1 |    33 |   110 |   639 ||   783
         Statue Form       |       |       |       |       |       |       |     2 |     9 |    26 ||    37
         Shatter           |       |       |       |       |       |       |       |     9 |   253 ||   262
         Necromutation     |       |       |       |       |       |       |       |       |   131 ||   131
         Chain Lightning   |       |       |       |       |       |       |       |       |    32 ||    32
         Borgnjor's Vile C |       |       |       |       |       |       |       |       |     2 ||     2
 Invoke: Channel Magic     |       |       |       |     1 |     3 |    10 |     6 |    10 |   170 ||   200
Ability: Spit Poison       |     4 |     2 |     3 |     4 |     5 |     2 |     3 |     3 |     1 ||    27
         End Transformatio |       |       |       |       |       |       |       |       |     1 ||     1
  Evoke: Wand              |       |       |       |     2 |       |     2 |    11 |     1 |    17 ||    33
    Use: Potion            |     3 |       |       |       |     2 |     7 |       |     4 |    32 ||    48
         Scroll            |     1 |     3 |     6 |    14 |    12 |    10 |     3 |     3 |    32 ||    84
   Stab: Sleeping          |     1 |       |     1 |       |     1 |       |       |       |       ||     3
         Distracted        |     1 |       |       |       |       |       |       |       |     1 ||     2
         Invisible         |     1 |       |       |       |       |       |       |       |       ||     1
 Armour: Robe              |    24 |     8 |    13 |    50 |   129 |    68 |   139 |   104 |  1458 ||  1993
         Skin              |       |       |       |       |       |       |    34 |    25 |   250 ||   309
  Dodge: Dodged            |    33 |    12 |    47 |   104 |   213 |   158 |   289 |   137 |  1774 ||  2767
  Block: Buckler           |       |       |       |       |       |       |       |    32 |  1801 ||  1833
         Reflection        |       |       |       |       |       |       |       |       |    35 ||    35

Table legend: (Time is in decaauts)
 A = Elapsed time spent in this place.
 B = Non-inter-level travel time spent in this place.
 C = Inter-level travel time spent in this place.
 D = Time resting spent in this place.
 E = Time spent auto-exploring this place.
 F = Levels seen in this place.
 G = Mean time per level.
                   A        B        C        D        E       F      G
               +--------+--------+--------+--------+--------+-----+--------+
         Total | 169640 | 153560 |  16080 |  22891 | 105037 | 126 | 1346.3 |
       Dungeon |  27369 |  23061 |   4308 |   1255 |  19461 |  15 | 1824.6 |
        Temple |    114 |     56 |     58 |      0 |     43 |   1 |  114.0 |
          Lair |  11043 |   9863 |   1180 |   1092 |   7710 |   5 | 2208.6 |
        Shoals |   5352 |   5030 |    322 |    494 |   3762 |   4 | 1338.0 |
     Snake Pit |  10993 |   9961 |   1032 |   2318 |   6141 |   4 | 2748.2 |
    Slime Pits |   4722 |   4247 |    475 |   1041 |   2608 |   5 |  944.4 |
  Orcish Mines |   3876 |   2986 |    890 |    108 |   2484 |   2 | 1938.0 |
   Elven Halls |   6873 |   5742 |   1131 |    809 |   3984 |   3 | 2291.0 |
        Vaults |  13357 |  12447 |    910 |   1536 |   9171 |   5 | 2671.4 |
         Crypt |   5312 |   5036 |    276 |   1025 |   3194 |   3 | 1770.7 |
          Tomb |   4437 |   3493 |    944 |    666 |   2211 |   3 | 1479.0 |
        Depths |  10056 |   8597 |   1459 |   1466 |   5844 |   4 | 2514.0 |
          Hell |   1873 |   1672 |    201 |    623 |    787 |   1 | 1873.0 |
           Dis |   4266 |   3867 |    399 |   1175 |   1889 |   7 |  609.4 |
       Gehenna |   3496 |   2921 |    575 |    297 |   1894 |   7 |  499.4 |
       Cocytus |   1654 |   1458 |    196 |    255 |    769 |   6 |  275.7 |
      Tartarus |   4376 |   4119 |    257 |    611 |   2854 |   7 |  625.1 |
           Zot |   9149 |   7692 |   1457 |    683 |   5944 |   5 | 1829.8 |
         Abyss |   4066 |   4066 |      0 |    813 |   1714 |   3 | 1355.3 |
   Pandemonium |  34013 |  34013 |      0 |   6103 |  20624 |  19 | 1790.2 |
      Ziggurat |   3060 |   3060 |      0 |    515 |   1822 |  16 |  191.2 |
        Bazaar |    175 |    175 |      0 |      0 |    117 |   1 |  175.0 |
               +--------+--------+--------+--------+--------+-----+--------+

Top non-repeatable levels by time:
 Snake:3: 3864 daAuts
Vaults:4: 3371 daAuts
Depths:1: 3077 daAuts
  Tomb:1: 3007 daAuts
   Elf:3: 2967 daAuts
   Orc:2: 2849 daAuts
   Zot:5: 2818 daAuts
     D:8: 2788 daAuts
    D:11: 2712 daAuts
Depths:4: 2640 daAuts
Vaults:5: 2635 daAuts
Vaults:2: 2597 daAuts
 Snake:1: 2535 daAuts
  Lair:5: 2510 daAuts
Vaults:1: 2475 daAuts
